 Dungeon Crawl Stone Soup version 0.29.0-4-gdea44cf6ec (webtiles) character file.

Game seed: 8625482250562100301

328966 qw the Slayer (level 19, -2/174 (198) HPs)
             Began as a Minotaur Fighter on Sept 8, 2022.
             Was the Champion of Ru.
             Killed from afar by an air elemental (18 damage)
             ... with a stunning burst
             ... on level 2 of the Depths.
             The game lasted 00:20:42 (44016 turns).

qw the Slayer (Minotaur Fighter)                   Turns: 44016, Time: 00:20:42

HP:   -2/174 (198)  AC: 35    Str: 38    XL:     19   Next: 81%
MP:   16/18         EV: 12    Int:  4    God:    Ru [******]
Gold: 1786          SH: 26    Dex:  9    Spells: 18/18 levels left

rFire   + . .      SeeInvis .   i - +8 broad axe (vamp)
rCold   + . .      Faith    .   y - +0 tower shield
rNeg    . . .      Spirit   .   z - +4 plate armour {rPois}
rPois   +          Reflect  +   w - +2 hat
rElec   .          Harm     .   l - scarf {rC+ rF+}
rCorr   .          Rampage  .   C - +1 pair of gloves "Qiwul" {Str+3}
Will    +....      Clarity  +   a - +1 pair of boots {Fly}
Stlth   ..........              p - amulet of Surhuupeda {Reflect Str+2 SH+5}
HPRegen 0.39/turn               t - +4 ring of protection
MPRegen 0.16/turn               h - +4 ring of evasion

@: about to teleport, flying, heavily drained
A: horns 2, no stealth, hated by all, inability to train dodging, no
conjurations magic, no earth magic, no transmutations magic, inexperienced 1,
missing an eye, retaliatory headbutt, hooves 1, clarity, strong 1
}: 2/15 runes: decaying, serpentine
a: Renounce Religion, Draw Out Power, Power Leap, Apocalypse


You were on level 2 of the Depths.
You worshipped Ru.
Ru was exalted by your worship.
You visited 8 branches of the dungeon, and saw 37 of its levels.
You visited 1 bazaar.
You also visited: Gauntlet.

You collected 5538 gold pieces.
You spent 3752 gold pieces at shops.


Innate Abilities, Weirdness & Mutations

You have a pair of horns on your head.
You cannot be stealthy.
You are hated by all.
You cannot train Dodging skill.
You cannot study or cast Conjurations magic.
You cannot study or cast Earth magic.
You cannot study or cast Transmutations magic.
You are somewhat inexperienced. (-1 XL)
You are missing an eye, making it more difficult to aim.
You reflexively headbutt those who attack you in melee.
You have large cloven feet.
You possess an exceptional clarity of mind.
Your muscles are strong. (Str +4, Int/Dex -1)


   Skills:
 - Level 24.0 Fighting
 - Level 19.0 Axes
 + Level 13.9 Throwing
 - Level 21.0 Armour
 - Level 22.0 Shields


You had 18 spell levels left.
You didn't know any spells.
Your spell library was empty.

Inventory:

Hand Weapons
 i - a +8 vampiric broad axe (weapon)
Missiles
 x - 4 silver boomerangs (quivered)
 A - 2 javelins
 B - 11 boomerangs
 E - 2 silver javelins
Armour
 a - a +1 pair of boots of flying (worn)
 f - a +2 cloak
 l - a scarf of resistance (worn)
 r - a +2 pair of boots
 v - a +4 chain mail of fire resistance
 w - a +2 hat (worn)
 y - a +0 tower shield (worn)
 z - a +4 plate armour of poison resistance (worn)
 C - the +1 pair of gloves "Qiwul" (worn) {Str+3}
   (You bought it in a shop on level 2 of the Orcish Mines)

   Str:       It affects your strength (+3).
 D - the +3 hat of Pondering {ponderous, Will+ MP+10 Int+5}
   (You bought it in a shop on level 2 of the Orcish Mines)

   Int:       It affects your intelligence (+5).
   MP:        It affects your magic capacity (+10).
   Will:      It increases your willpower.
Jewellery
 c - the ring of the Coward {rF- rCorr Str+6 Dex+4}
   (You took it off a spriggan druid on level 4 of the Swamp)

   [ring of strength]

   Str:       It affects your strength (+6).
   Dex:       It affects your dexterity (+4).
   rF:        It makes you vulnerable to fire.
   rCorr:     It protects you from acid and corrosion.
 h - a +4 ring of evasion (right hand)
 j - a ring of protection from fire
 o - a ring of protection from fire
 p - the amulet of Surhuupeda (around neck) {Reflect Str+2 SH+5}
   (You acquired it on level 4 of the Lair of Beasts)

   [amulet of reflection]

   It reflects blocked missile attacks.
   Str:       It affects your strength (+2).
   SH:        It affects your SH (+5).
 t - a +4 ring of protection (left hand)
Scrolls
 m - 6 scrolls of teleportation
 q - 2 scrolls of brand weapon
 s - 15 scrolls of identify
Potions
 b - 5 potions of cancellation
 d - 12 potions of might
 e - 22 potions of curing
 k - 13 potions of haste
 n - 13 potions of heal wounds
 u - 9 potions of mutation

Dungeon Overview and Level Annotations

Branches:
Dungeon (15/15)            Temple (1/1) D:6            Lair (5/5) D:9
  Swamp (4/4) Lair:3        Snake (4/4) Lair:2        Slime (0/5) Lair:5
    Orc (2/2) D:11            Elf (0/3) Orc:2        Vaults (4/5) D:14
  Crypt (0/3) Vaults:3     Depths (2/4) D:15        Gauntlet (visited)

Altars:
Ashenzari
Cheibriados
Dithmenos
Elyvilon
Gozag
Kikubaaqudgha
Makhleb
Nemelex Xobeh
Qazlal
Ru
Trog
Uskayaw
Vehumet
Wu Jian
Xom
The Shining One

Shops:
D:4 :   D:5 *   D:8 :   D:11 [(   Orc:2 (*[?:   Snake:3 =::   Vaults:2 =
Vaults:4 !   Depths:1 !

Portals:
Hell: Depths:1
Ziggurat: Depths:1
Trove: Vaults:4 (give +3 storm dragon scales)

Annotations:
D:10 2 runed translucent doors, qw's ghost, novice DsCA
Lair:5 1 runed translucent door
Swamp:1 3 runed translucent doors, qw's ghost, adept TrCA
Swamp:2 2 transporters
Orc:2 1 runed translucent door, qw's ghost, journeyman GrBe
Vaults:2 2 runed translucent doors, qw's ghost, adept GrBe


Message History

The stunning burst misses you.
The air elemental fires a burst of electricity at you.
The stunning burst hits you but does no damage.
You suddenly lose the ability to move!
The stunning burst hits the earth elemental.
The earth elemental completely resists.
The stunning burst hits the air elemental.
The air elemental completely resists.
The earth elemental hits you but does no damage.
The steelbarb worm completely misses you.
The air elemental hits you but does no damage.
The air elemental begins to attack, but is stunned by your conviction!
The air elemental fires a burst of electricity at you.
The stunning burst hits you!
The air elemental fires a burst of electricity at you.
The stunning burst hits you.
The stunning burst hits the earth elemental.
The earth elemental completely resists.
The stunning burst hits the air elemental.
The air elemental completely resists.
The earth elemental hits you but does no damage.
The steelbarb worm hits you but does no damage.
The air elemental hits you! The earth elemental hits you!
You can move again.
44016 ||| READING 7 scrolls of teleportation.
As you read the scroll of teleportation, it crumbles to dust.
You feel strangely unstable.
The steelbarb worm changes into a glowing shapeshifter!
You redirect the air elemental's attack!
The air elemental barely misses the earth elemental.
The air elemental begins to attack, but is stunned by your conviction!
You redirect the air elemental's attack!
The air elemental hits the earth elemental but does no damage.
You block the air elemental's attack.
The shock serpent begins to attack, but is stunned by your conviction!
You redirect the air elemental's attack!
You block the air elemental's attack. You block the earth elemental's attack.
The air elemental fires a burst of electricity at you.
The stunning burst hits you!!
You shrug off the repeated paralysis!
You die...

#....# #.......~~#
#....# #.......~~#
#....# #.......~~#
#....# #...(...~~#
#%.#####.S......~~
#%## ##..........~
#..###..E....^....
#...)).>EE........
######.EE@E.......
##.p.E......~
##........~~
#.......~~#
#.......~~#
#.......~~#
#.......~~#
#.......~~


You could see a glowing shapeshifter, a shock serpent, 4 earth elementals and 3
air elementals.

Vanquished Creatures
  Bai Suzhen (Swamp:3)
  Vashnia (Snake:4)
  Nikola (Vaults:2)
  Jory (Vaults:2)
  Rupert (Lair:3)
  Asterion (Vaults:3)
  A lich (Vaults:3)
  5 sphinxes
  2 thorn hunters
  An ancient champion (Vaults:3)
  A storm dragon (Depths:1)
  2 shadow dragons (shapeshifter) (Depths:2)
  Kirke (Lair:3)
  A shadow dragon (Vaults:3)
  A fenstrider witch (Swamp:3)
  An azure jelly (shapeshifter) (Depths:2)
  14 vault wardens
  A fire giant (Vaults:3)
  2 nagarajas (Snake:4)
  A ghost moth (shapeshifter) (Depths:2)
  A frost giant (Depths:1)
  An orc warlord (Vaults:1)
  12 ironbound preservers
  5 war gargoyles
  16 very ugly things
  2 stone giants
  A vampire knight (Depths:1)
  Nessos (D:14)
  3 ironbound thunderhulks
  4 bunyips
  An entropy weaver (Vaults:1)
  A minotaur (Gauntlet)
  4 eleionomae
  13 dire elephants
  A minotaur (shapeshifter) (Depths:2)
  A blizzard demon (Depths:1)
  Josephine (D:10)
  5 ettins
  2 deep elf high priests (Vaults:3)
  5 fire dragons
  A great orb of eyes (Vaults:3)
  10 yaktaur captains
  5 ice dragons
  A peacekeeper (Vaults:4)
  17 vault guards
  24 hydras
  An ogre mage (D:15)
  A salamander tyrant (Snake:4)
  6 boulder beetles
  4 ironbound frosthearts
  A spriggan air mage (Depths:2)
  9 anacondas
  11 centaur warriors
  13 naga warriors
  9 alligators
  9 two-headed ogres
  2 dancing weapons (Depths:2)
  A death yak (shapeshifter) (Vaults:4)
  7 death yaks
  8 orc high priests (Orc:2)
  2 deep troll shamans
  2 tengu warriors
  17 naga sharpshooters
  A titan zombie (Depths:1)
  A soul eater (Vaults:3)
  4 shock serpents
  4 salamander mystics
  2 sixfirhies (Gauntlet)
  5 goliath frogs
  A death drake (Swamp:2)
  Lodul (D:12)
  6 spriggan druids
  A steelbarb worm (shapeshifter) (Vaults:3)
  42 deep trolls
  4 glowing orange brains (Depths:2)
  9 swamp dragons
  8 bog bodies
  A necromancer (Depths:1)
  A flayed ghost (Depths:1)
  2 phantasmal warriors (Vaults:3)
  3 naga ritualists
  An obsidian statue (Gauntlet)
  6 orc knights
  3 wizards (Vaults:3)
  9 lindwurms
  12 ironbound convokers
  A deep elf pyromancer (D:15)
  11 mana vipers
  2 orc sorcerers
  29 ugly things
  A wolf spider (D:15)
  5 cyclopes
  13 salamanders
  A moth of wrath (Gauntlet)
  2 will-o-the-wisps
  7 manticores
  An eye of devastation (shapeshifter) (Depths:2)
  13 vault sentinels
  10 guardian serpents
  16 naga magi
  5 torpor snails (Lair:5)
  31 black mambas
  12 cane toads
  23 elephants
  A gargoyle (D:14)
  A spriggan zombie (Depths:1)
  Psyche (D:12)
  11 komodo dragons
  A kobold demonologist (D:11)
  4 freezing wraiths
  28 yaktaurs
  3 rime drakes
  An efreet (D:15)
  2 tengu conjurers
  13 trolls
  2 queen bees
  3 meliai (D:13)
  A hornet (shapeshifter) (D:13)
  36 slime creatures
  A wind drake (shapeshifter) (Depths:2)
  30 blink frogs
  12 tyrant leeches
  A wind drake (Depths:2)
  A bloated husk (Swamp:3)
  A polar bear (Vaults:3)
  A tarantella (Vaults:1)
  7 dream sheep (Lair:4)
  A raiju (shapeshifter) (D:14)
  15 hornets
  2 flying skulls (Gauntlet)
  A shadow (D:12)
  A snapping turtle (shapeshifter) (Depths:2)
  Sigmund (D:4)
  A centaur simulacrum (D:15)
  10 spriggans
  An ettin skeleton (Depths:1)
  4 air elementals (Depths:2)
  A vampire (D:11)
  6 wraiths
  4 water elementals
  6 wyverns
  44 yaks
  A wyvern (shapeshifter) (Depths:2)
  2 fire elementals (Depths:2)
  5 basilisks
  2 humans (Lair:3)
  3 steam dragons
  2 hogs (Lair:3)
  8 vampire mosquitoes
  3 redbacks (Gauntlet)
  42 nagas
  3 acid dragons
  9 swamp worms
  5 wargs (Orc:2)
  19 water moccasins
  2 ice beasts (D:5)
  3 sky beasts (D:6)
  10 swamp drakes
  2 black bears
  13 orc warriors
  15 ogres
  18 centaurs
  6 wolves (Lair:2)
  A phantom (D:5)
  3 kobold brigands
  16 bullfrogs
  A gnoll sergeant (D:12)
  2 earth elementals (Depths:2)
  3 scorpions
  15 wights
  23 killer bees
  A human simulacrum (Vaults:4)
  A howler monkey (shapeshifter) (Depths:2)
  4 howler monkeys
  2 electric eels (Lair:1)
  3 hounds
  A jelly (D:8)
  29 orc priests
  A gnoll bouda (D:6)
  Jessica (D:3)
  13 iguanas
  Ijyb (D:3)
  Terence (D:3)
  17 orc wizards
  Natasha (twice) (D:3)
  11 adders
  15 gnolls
  A shadow imp (D:5)
  2 white imps
  3 ufetubi
  A worm (D:2)
  4 dart slugs
  89 orcs
  7 bats
  8 endoplasms
  9 hobgoblins
  3 jackals (D:4)
  12 kobolds
  5 quokkas
  6 ball pythons
  5 frilled lizards
  7 goblins
  4 rats
  4 briar patches (Swamp:3)
1361 creatures vanquished.

Vanquished Creatures (others)
  A nagaraja (Snake:4)
  An ironbound preserver (Vaults:3)
  An eleionoma (Swamp:4)
  A dire elephant (Vaults:3)
  An ettin (Vaults:3)
  A salamander tyrant (Snake:4)
  3 hydras
  A boulder beetle (D:14)
  An anaconda (Snake:4)
  A centaur warrior (Vaults:1)
  3 vault guards
  A naga warrior (Snake:2)
  A slime creature (Vaults:2)
  3 deep trolls
  2 swamp dragons
  A glowing orange brain (Depths:2)
  An ironbound convoker (Vaults:1)
  2 naga magi (Snake:4)
  A yaktaur (Vaults:3)
  A hornet (Swamp:2)
  A tarantella (Vaults:1)
  An air elemental (Depths:2)
  2 water elementals
  A warg (Orc:1)
  A naga (Snake:3)
  An orc warrior (Orc:2)
  An iguana (Lair:5)
  An orc wizard (Orc:1)
  An orc (Orc:2)
  9 ball lightnings (Depths:2)
  8 foxfires
  32 fungi
  74 plants
161 creatures vanquished.

Grand Total: 1522 creatures vanquished

Notes
Turn   | Place    | Note
-------+----------+-------------------------------------------
     0 | D:1      | qw the Minotaur Fighter began the quest for the Orb.
     0 | D:1      | Reached XP level 1. HP: 19/19 MP: 0/0
     0 | D:1      | 0 ||| qw: Version: 0.1-a-112-g44dc6cd
     0 | D:1      | 0 ||| qw: Game counter: 6773
     0 | D:1      | 0 ||| qw: Always use a shield: true
     0 | D:1      | 0 ||| qw: God list: Ru
     0 | D:1      | 0 ||| qw: Allow faded altars: false
     0 | D:1      | 0 ||| qw: Do Orc after D:15 true
     0 | D:1      | 0 ||| qw: Do second Lair branch before Depths: true
     0 | D:1      | 0 ||| qw: Lair rune preference: random
     0 | D:1      | 0 ||| qw: Plans: Normal
     0 | D:1      | 0 ||| PLANNING D:1-11
    82 | D:1      | Noticed a great orb of eyes
    84 | D:1      | Found a faded altar of an unknown god.
    87 | D:1      | Noticed a shining eye
    87 | D:1      | Noticed a great orb of eyes
    87 | D:1      | Noticed an eye of devastation
   179 | D:1      | Reached skill level 3 in Axes
   222 | D:1      | Reached XP level 2. HP: 26/26 MP: 1/1
   719 | D:1      | Reached XP level 3. HP: 30/31 MP: 2/2
   956 | D:1      | 956 ||| UPGRADING to +0 chain mail.
   966 | D:1      | 966 ||| DROPPING +0 scale mail.
   967 | D:1      | 967 ||| READING scroll labelled URPHOU YROE.
   968 | D:1      | 968 ||| DRINKING 3 murky brown potions.
   969 | D:1      | 969 ||| DRINKING 2 metallic coppery potions.
   991 | D:1      | 991 ||| DROPPING potion of lignification.
  1184 | D:2      | 1184 ||| DROPPING +0 club.
  1570 | D:2      | Reached XP level 4. HP: 39/39 MP: 3/3
  1805 | D:2      | 1805 ||| UPGRADING to scarf of resistance.
  1810 | D:2      | 1810 ||| READING scroll labelled BOHIL CENNIKUA.
  1811 | D:2      | 1811 ||| READING scroll labelled CEEPIA MOXUEM.
  1815 | D:2      | 1815 ||| READING scroll labelled UFOTYA HABU.
  1903 | D:3      | 1903 ||| Stepping ~*~*~tactically~*~*~ (stealth).
  1928 | D:3      | Noticed Jessica
  1931 | D:3      | 1931 ||| Stepping ~*~*~tactically~*~*~ (hiding).
  1932 | D:3      | Noticed Ijyb
  1937 | D:3      | Killed Jessica
  1938 | D:3      | Reached skill level 6 in Axes
  1955 | D:3      | Killed Ijyb
  1956 | D:3      | Reached skill level 1 in Dodging
  1956 | D:3      | Reached XP level 5. HP: 23/45 MP: 4/4
  1961 | D:3      | 1961 ||| FLEEEEING.
  1962 | D:3      | 1962 ||| FLEEEEING.
  1963 | D:3      | 1963 ||| FLEEEEING.
  1964 | D:3      | 1964 ||| FLEEEEING.
  1965 | D:3      | 1965 ||| FLEEEEING.
  2164 | D:3      | Found a glowing golden altar of the Shining One.
  2165 | D:3      | 2165 ||| Stepping ~*~*~tactically~*~*~ (stealth).
  2210 | D:3      | 2210 ||| Stepping ~*~*~tactically~*~*~ (stealth).
  2216 | D:3      | 2216 ||| Stepping ~*~*~tactically~*~*~ (stealth).
  2255 | D:3      | 2255 ||| FLEEEEING.
  2258 | D:3      | 2258 ||| FLEEEEING.
  2259 | D:3      | 2259 ||| FLEEEEING.
  2262 | D:3      | 2262 ||| FLEEEEING.
  2263 | D:3      | 2263 ||| FLEEEEING.
  2264 | D:3      | 2264 ||| FLEEEEING.
  2265 | D:3      | 2265 ||| FLEEEEING.
  2266 | D:3      | 2266 ||| FLEEEEING.
  2269 | D:3      | 2269 ||| FLEEEEING.
  2270 | D:3      | 2270 ||| FLEEEEING.
  2271 | D:3      | 2271 ||| FLEEEEING.
  2272 | D:3      | 2272 ||| FLEEEEING.
  2274 | D:3      | 2274 ||| FLEEEEING.
  2275 | D:3      | 2275 ||| FLEEEEING.
  2276 | D:3      | 2276 ||| FLEEEEING.
  2277 | D:3      | 2277 ||| FLEEEEING.
  2278 | D:3      | 2278 ||| FLEEEEING.
  2279 | D:3      | 2279 ||| FLEEEEING.
  2280 | D:3      | 2280 ||| FLEEEEING.
  2283 | D:3      | 2283 ||| FLEEEEING.
  2284 | D:3      | 2284 ||| FLEEEEING.
  2285 | D:3      | 2285 ||| FLEEEEING.
  2286 | D:3      | 2286 ||| FLEEEEING.
  2287 | D:3      | 2287 ||| FLEEEEING.
  2290 | D:3      | 2290 ||| FLEEEEING.
  2291 | D:3      | 2291 ||| FLEEEEING.
  2292 | D:3      | 2292 ||| FLEEEEING.
  2293 | D:3      | 2293 ||| FLEEEEING.
  2357 | D:3      | 2357 ||| DROPPING +0 mace.
  2366 | D:3      | 2366 ||| Stepping ~*~*~tactically~*~*~ (stealth).
  2601 | D:3      | Noticed Terence
  2613 | D:3      | Killed Terence
  2614 | D:3      | Reached skill level 4 in Fighting
  2680 | D:3      | Noticed Natasha
  2681 | D:3      | 2681 ||| Stepping ~*~*~tactically~*~*~ (hiding).
  2686 | D:3      | Killed Natasha
  2687 | D:3      | Reached XP level 6. HP: 52/52 MP: 5/5
  2857 | D:3      | Noticed Natasha
  2858 | D:3      | 2858 ||| Stepping ~*~*~tactically~*~*~ (stealth).
  2860 | D:3      | 2860 ||| Stepping ~*~*~tactically~*~*~ (hiding).
  2869 | D:3      | Killed Natasha
  2911 | D:3      | 2911 ||| UPGRADING to +0 pair of boots.
  2916 | D:3      | 2916 ||| READING 3 scrolls of enchant armour.
  2916 | D:3      | 2916 ||| ENCHANTING +0 pair of boots.
  2917 | D:3      | 2917 ||| READING 2 scrolls of enchant armour.
  2917 | D:3      | 2917 ||| ENCHANTING +1 pair of boots.
  2918 | D:3      | 2918 ||| READING 2 scrolls labelled GOSMEUBLED.
  2919 | D:3      | 2919 ||| READING scroll labelled RUGOJA XAVVYS LEA.
  2920 | D:3      | 2920 ||| READING scroll labelled BEIPNOF CECVE.
  2921 | D:3      | 2921 ||| READING scroll labelled FAL NEFADA.
  2922 | D:3      | 2922 ||| DRINKING 2 sapphire potions.
  2923 | D:3      | 2923 ||| DROPPING potion of attraction.
  2924 | D:3      | 2924 ||| DROPPING scroll of poison.
  2925 | D:3      | 2925 ||| Stepping randomly (stuck).
  2926 | D:3      | 2926 ||| Stepping ~*~*~tactically~*~*~ (cloud).
  3297 | D:4      | Found Podurr's Book Boutique.
  3591 | D:4      | Noticed Sigmund
  3592 | D:4      | 3592 ||| Stepping ~*~*~tactically~*~*~ (hiding).
  3600 | D:4      | Killed Sigmund
  3601 | D:4      | Reached skill level 9 in Axes
  3601 | D:4      | Reached XP level 7. HP: 59/59 MP: 6/6
  3612 | D:4      | 3612 ||| Stepping ~*~*~tactically~*~*~ (stealth).
  3885 | D:4      | 3885 ||| UPGRADING to ring of positive energy.
  3886 | D:4      | 3886 ||| READING 2 scrolls labelled QAOJOU UZXEV.
  3887 | D:4      | 3887 ||| READING scroll labelled SUZAGO IXOXUPS.
  3887 | D:4      | Identified a scroll of acquirement
  3887 | D:4      | 3887 ||| ACQUIRING +2 antimagic broad axe
  3887 | D:4      | Acquired a +2 antimagic broad axe
  3889 | D:4      | 3889 ||| SWAPPING to +2 antimagic broad axe.
  3890 | D:4      | 3890 ||| DROPPING +1 war axe.
  3891 | D:4      | 3891 ||| DROPPING scroll of vulnerability.
  3919 | D:5      | Entered Level 5 of the Dungeon
  3942 | D:5      | Reached skill level 5 in Fighting
  3976 | D:5      | Found Ysokiggop's Assorted Antiques.
  3988 | D:5      | 3988 ||| BUYING scroll labelled IWEOQOA GOHISK (27 gold).
  3988 | D:5      | Bought a scroll labelled IWEOQOA GOHISK for 27 gold pieces
  3988 | D:5      | 3988 ||| SHOPLISTING scroll of acquirement (1404 gold, have
                  | 122).
  3988 | D:5      | 3988 ||| BUYING scroll of identify (54 gold).
  3988 | D:5      | Bought a scroll of identify for 54 gold pieces
  3988 | D:5      | 3988 ||| BUYING scroll of identify (54 gold).
  3988 | D:5      | Bought a scroll of identify for 54 gold pieces
  4045 | D:5      | Reached skill level 1 in Throwing
  4076 | D:5      | Found an opulent altar of Gozag.
  4089 | D:5      | 4089 ||| READING scroll labelled IWEOQOA GOHISK.
  4090 | D:5      | 4090 ||| DRINKING 2 glowing sapphire potions.
  4091 | D:5      | 4091 ||| READING 3 scrolls of identify.
  4091 | D:5      | 4091 ||| IDENTIFYING lumpy puce potion
  4092 | D:5      | 4092 ||| READING 2 scrolls of identify.
  4092 | D:5      | 4092 ||| IDENTIFYING silvery potion
  4093 | D:5      | 4093 ||| DROPPING potion of flight.
  4324 | D:5      | Reached XP level 8. HP: 69/69 MP: 2/7
  4395 | D:5      | Reached skill level 6 in Fighting
  4447 | D:5      | 4447 ||| Stepping ~*~*~tactically~*~*~ (stealth).
  4523 | D:5      | 4523 ||| Stepping ~*~*~tactically~*~*~ (hiding).
  4805 | D:5      | Found a snail-covered altar of Cheibriados.
  4976 | D:5      | 4976 ||| UPGRADING to +6 ring of strength.
  4977 | D:5      | 4977 ||| READING scroll labelled NUYLUE OPSUXES.
  5078 | D:5      | 5078 ||| READING scroll labelled HISHRI VAMUXIAC.
  5079 | D:5      | 5079 ||| READING 2 scrolls of identify.
  5079 | D:5      | 5079 ||| IDENTIFYING pink potion
  5080 | D:5      | 5080 ||| DROPPING potion of brilliance.
  5145 | D:6      | 5145 ||| Stepping ~*~*~tactically~*~*~ (hiding).
  5152 | D:6      | Reached skill level 12 in Axes
  5157 | D:6      | 5157 ||| FLEEEEING.
  5158 | D:6      | 5158 ||| STAIRDANCE
  5229 | D:6      | 5229 ||| DROPPING +0 flail.
  5242 | D:6      | Reached XP level 9. HP: 64/78 MP: 2/8
  5247 | D:6      | Reached skill level 7 in Fighting
  5301 | D:6      | 5301 ||| Stepping ~*~*~tactically~*~*~ (stealth).
  5315 | D:6      | 5315 ||| FLEEEEING.
  5316 | D:6      | 5316 ||| STAIRDANCE
  5373 | D:5      | 5373 ||| UPGRADING to +0 plate armour.
  5383 | D:5      | 5383 ||| DROPPING +0 chain mail.
  5384 | D:5      | 5384 ||| READING scroll of enchant armour.
  5384 | D:5      | 5384 ||| ENCHANTING +0 plate armour.
  5394 | D:6      | 5394 ||| Stepping ~*~*~tactically~*~*~ (stealth).
  5396 | D:6      | 5396 ||| Stepping ~*~*~tactically~*~*~ (hiding).
  5415 | D:6      | 5415 ||| Stepping ~*~*~tactically~*~*~ (stealth).
  5649 | D:6      | 5649 ||| FLEEEEING.
  5686 | D:6      | 5686 ||| Stepping ~*~*~tactically~*~*~ (stealth).
  5742 | D:6      | 5742 ||| Stepping ~*~*~tactically~*~*~ (stealth).
  5743 | D:6      | 5743 ||| Stepping ~*~*~tactically~*~*~ (stealth).
  5745 | D:6      | 5745 ||| Stepping ~*~*~tactically~*~*~ (hiding).
  5802 | D:6      | 5802 ||| FLEEEEING.
  5803 | D:6      | 5803 ||| FLEEEEING.
  5804 | D:6      | 5804 ||| FLEEEEING.
  5805 | D:6      | 5805 ||| FLEEEEING.
  5806 | D:6      | 5806 ||| FLEEEEING.
  5807 | D:6      | 5807 ||| FLEEEEING.
  5808 | D:6      | 5808 ||| FLEEEEING.
  5809 | D:6      | 5809 ||| FLEEEEING.
  5810 | D:6      | 5810 ||| FLEEEEING.
  5812 | D:6      | 5812 ||| FLEEEEING.
  5813 | D:6      | 5813 ||| FLEEEEING.
  5814 | D:6      | 5814 ||| FLEEEEING.
  5817 | D:6      | 5817 ||| FLEEEEING.
  5818 | D:6      | 5818 ||| FLEEEEING.
  5819 | D:6      | 5819 ||| FLEEEEING.
  5820 | D:6      | 5820 ||| FLEEEEING.
  5867 | D:6      | Found a broken altar of Ashenzari.
  5977 | D:6      | Found a bloodstained altar of Trog.
  6008 | D:6      | 6008 ||| Stepping ~*~*~tactically~*~*~ (stealth).
  6041 | D:6      | Found a staircase to the Ecumenical Temple.
  6042 | D:6      | 6042 ||| PLANNING TEMPLE
  6042 | D:6      | 6042 ||| DRINKING 2 brown potions.
  6143 | D:6      | 6143 ||| DROPPING potion of ambrosia.
  6151 | Temple   | Entered the Ecumenical Temple
  6161 | Temple   | Became a worshipper of Ru the Awakened
  6163 | Temple   | 6163 ||| PLANNING D:1-11
  6184 | D:6      | Reached skill level 6 in Armour
  6329 | D:6      | 6329 ||| Stepping ~*~*~tactically~*~*~ (hiding).
  6443 | D:6      | 6443 ||| Stepping ~*~*~tactically~*~*~ (hiding).
  6452 | D:6      | Reached skill level 8 in Fighting
  6679 | D:7      | 6679 ||| Stepping ~*~*~tactically~*~*~ (stealth).
  6680 | D:7      | 6680 ||| Stepping ~*~*~tactically~*~*~ (stealth).
  6681 | D:7      | 6681 ||| Stepping ~*~*~tactically~*~*~ (stealth).
  6869 | D:7      | 6869 ||| Stepping ~*~*~tactically~*~*~ (stealth).
  6884 | D:7      | 6884 ||| Stepping ~*~*~tactically~*~*~ (stealth).
  6888 | D:7      | Reached XP level 10. HP: 88/88 MP: 3/9
  6987 | D:7      | 6987 ||| Stepping ~*~*~tactically~*~*~ (stealth).
  7216 | D:7      | 7216 ||| UPGRADING to +6 ring of dexterity.
  7218 | D:7      | 7218 ||| DROPPING ring of positive energy.
  7219 | D:7      | 7219 ||| READING scroll labelled SIUJIMPOIZI.
  7244 | D:8      | Found Jidit's Self-Improvement Boutique.
  7245 | D:8      | 7245 ||| STAIRDANCE
  7250 | D:8      | 7250 ||| STAIRDANCE
  7284 | D:8      | 7284 ||| Stepping ~*~*~tactically~*~*~ (stealth).
  7292 | D:8      | Reached skill level 3 in Dodging
  7300 | D:8      | 7300 ||| Stepping ~*~*~tactically~*~*~ (stealth).
  7303 | D:8      | 7303 ||| Stepping ~*~*~tactically~*~*~ (stealth).
  7304 | D:8      | 7304 ||| Stepping ~*~*~tactically~*~*~ (stealth).
  7710 | D:8      | 7710 ||| INVOKING Sacrifice Experience.
  7710 | D:8      | Gained mutation: You are somewhat inexperienced. (-1 XL)
                  | [Ru sacrifice]
  7710 | D:8      | Reached XP level 9. HP: 81/81 MP: 2/2
  7710 | D:8      | Reached * piety under Ru
  7894 | D:8      | 7894 ||| Stepping ~*~*~tactically~*~*~ (stealth).
  8016 | D:8      | Noticed a two-headed ogre
  8025 | D:8      | Killed a two-headed ogre
  8432 | D:8      | 8432 ||| DRINKING 2 clear potions.
  8433 | D:8      | 8433 ||| DROPPING potion of degeneration.
  8462 | D:9      | 8462 ||| Stepping ~*~*~tactically~*~*~ (stealth).
  8463 | D:9      | 8463 ||| Stepping ~*~*~tactically~*~*~ (hiding).
  8465 | D:9      | 8465 ||| Stepping ~*~*~tactically~*~*~ (hiding).
  8499 | D:9      | 8499 ||| FLEEEEING.
  8501 | D:9      | 8501 ||| FLEEEEING.
  8502 | D:9      | 8502 ||| FLEEEEING.
  8503 | D:9      | 8503 ||| STAIRDANCE
  8578 | D:9      | Found a stormy altar of Qazlal.
  8596 | D:9      | Reached skill level 15 in Axes
  8599 | D:9      | 8599 ||| Stepping ~*~*~tactically~*~*~ (stealth).
  8623 | D:9      | 8623 ||| Stepping ~*~*~tactically~*~*~ (stealth).
  8626 | D:9      | 8626 ||| Stepping ~*~*~tactically~*~*~ (stealth).
  8627 | D:9      | 8627 ||| Stepping ~*~*~tactically~*~*~ (stealth).
  8628 | D:9      | Found a burning altar of Makhleb.
  8638 | D:9      | Found a hazy altar of Hepliaklqana.
  8764 | D:9      | 8764 ||| FLEEEEING.
  8765 | D:9      | 8765 ||| FLEEEEING.
  8766 | D:9      | 8766 ||| FLEEEEING.
  8767 | D:9      | 8767 ||| FLEEEEING.
  8769 | D:9      | 8769 ||| FLEEEEING.
  8770 | D:9      | 8770 ||| FLEEEEING.
  8771 | D:9      | 8771 ||| Stepping ~*~*~tactically~*~*~ (hiding).
  8900 | D:9      | Found a blossoming altar of Fedhas.
  8906 | D:9      | Found a hide-covered altar of Uskayaw.
  8938 | D:9      | 8938 ||| Stepping ~*~*~tactically~*~*~ (hiding).
  8944 | D:9      | Reached skill level 9 in Fighting
  9056 | D:9      | 9056 ||| Stepping ~*~*~tactically~*~*~ (stealth).
  9075 | D:9      | Reached XP level 10. HP: 86/91 MP: 3/9
  9096 | D:9      | 9096 ||| Stepping ~*~*~tactically~*~*~ (hiding).
  9099 | D:9      | 9099 ||| DRINKING potion of cancellation.
  9100 | D:9      | 9100 ||| Stepping ~*~*~tactically~*~*~ (cloud).
  9102 | D:9      | 9102 ||| DRINKING potion of resistance.
  9207 | D:9      | Found a staircase to the Lair.
  9308 | D:9      | 9308 ||| DRINKING 2 amethyst potions.
  9308 | D:9      | Gained mutation: Your muscles are strong. (Str +4, Int/Dex
                  | -1) [potion of mutation]
  9308 | D:9      | Gained mutation: You have large cloven feet. [potion of
                  | mutation]
  9308 | D:9      | Gained mutation: You possess an exceptional clarity of
                  | mind. [potion of mutation]
  9309 | D:9      | 9309 ||| READING 2 scrolls of identify.
  9309 | D:9      | 9309 ||| IDENTIFYING fizzy ruby potion
  9327 | D:10     | Entered Level 10 of the Dungeon
  9349 | D:10     | 9349 ||| Stepping ~*~*~tactically~*~*~ (hiding).
  9356 | D:10     | 9356 ||| Stepping ~*~*~tactically~*~*~ (hiding).
  9380 | D:10     | 9380 ||| Stepping ~*~*~tactically~*~*~ (stealth).
  9401 | D:10     | Reached skill level 6 in Shields
  9431 | D:10     | Noticed a two-headed ogre
  9435 | D:10     | Killed a two-headed ogre
  9499 | D:10     | 9499 ||| Stepping ~*~*~tactically~*~*~ (stealth).
  9501 | D:10     | 9501 ||| Stepping ~*~*~tactically~*~*~ (stealth).
  9508 | D:10     | 9508 ||| Stepping ~*~*~tactically~*~*~ (hiding).
  9840 | D:10     | 9840 ||| INVOKING Sacrifice Nimbleness.
  9840 | D:10     | Gained mutation: You cannot train Dodging skill. [Ru
                  | sacrifice]
  9840 | D:10     | Reached ** piety under Ru
  9840 | D:10     | Reached *** piety under Ru
  9847 | D:10     | Found a sparkling altar of Nemelex Xobeh.
  9934 | D:10     | Noticed Josephine
  9951 | D:10     | Killed Josephine
  9956 | D:10     | HP: 13/91 [wraith[Josephine] (10)]
  9957 | D:10     | 9957 ||| READING scroll of teleportation.
  9958 | D:10     | 9958 ||| INVOKING Draw Out Power.
 10219 | D:10     | Found a large runed translucent door.
 10219 | D:10     | Found a large runed translucent door.
 10221 | D:10     | Noticed qw's ghost (novice DsCA)
 10427 | D:10     | 10427 ||| PLANNING LAIR
 10427 | D:10     | 10427 ||| UPGRADING to ring of poison resistance.
 10429 | D:10     | 10429 ||| UPGRADING to +4 ring of evasion.
 10431 | D:10     | 10431 ||| DROPPING +6 ring of dexterity.
 10505 | Lair:1   | Entered Level 1 of the Lair of Beasts
 10515 | Lair:1   | Noticed a five-headed hydra
 10516 | Lair:1   | 10516 ||| Stepping ~*~*~tactically~*~*~ (stealth).
 10527 | Lair:1   | 10527 ||| SWAPPING to +0 morningstar.
 10534 | Lair:1   | Killed a five-headed hydra
 10535 | Lair:1   | Reached skill level 10 in Fighting
 10535 | Lair:1   | 10535 ||| SWAPPING to +2 antimagic broad axe.
 10681 | Lair:1   | 10681 ||| READING 3 scrolls of enchant weapon.
 10681 | Lair:1   | 10681 ||| ENCHANTING +2 antimagic broad axe.
 10682 | Lair:1   | 10682 ||| READING 2 scrolls of enchant weapon.
 10682 | Lair:1   | 10682 ||| ENCHANTING +3 antimagic broad axe.
 10683 | Lair:1   | 10683 ||| READING scroll of enchant weapon.
 10683 | Lair:1   | 10683 ||| ENCHANTING +4 antimagic broad axe.
 10778 | Lair:1   | Noticed a deep troll
 10787 | Lair:1   | Killed a deep troll
 10788 | Lair:1   | Reached skill level 18 in Axes
 10961 | Lair:1   | Noticed a four-headed hydra
 10963 | Lair:1   | 10963 ||| SWAPPING to +0 morningstar.
 10968 | Lair:1   | Killed a four-headed hydra
 10969 | Lair:1   | 10969 ||| SWAPPING to +5 antimagic broad axe.
 11159 | Lair:1   | Reached skill level 9 in Armour
 11194 | Lair:1   | 11194 ||| READING scroll of enchant weapon.
 11194 | Lair:1   | 11194 ||| ENCHANTING +5 antimagic broad axe.
 11254 | Lair:1   | Reached XP level 11. HP: 92/99 MP: 3/10
 11794 | Lair:1   | 11794 ||| UPGRADING to +0 pair of gloves.
 11799 | Lair:1   | 11799 ||| READING scroll labelled ORIPPO QIPUFAO.
 11800 | Lair:1   | 11800 ||| DROPPING +0 morningstar.
 11854 | Lair:1   | 11854 ||| READING 2 scrolls of identify.
 11854 | Lair:1   | 11854 ||| IDENTIFYING smoky purple potion
 11855 | Lair:1   | 11855 ||| DROPPING potion of berserk rage.
 11952 | Lair:2   | Noticed a seven-headed hydra
 11959 | Lair:2   | Killed a four-headed hydra
 11960 | Lair:2   | Reached skill level 11 in Fighting
 12232 | Lair:2   | Found a staircase to the Snake Pit.
 12455 | Lair:2   | 12455 ||| Stepping ~*~*~tactically~*~*~ (stealth).
 12456 | Lair:2   | 12456 ||| Stepping ~*~*~tactically~*~*~ (stealth).
 12555 | Lair:2   | 12555 ||| Stepping ~*~*~tactically~*~*~ (stealth).
 12556 | Lair:2   | 12556 ||| Stepping ~*~*~tactically~*~*~ (stealth).
 12769 | Lair:2   | Noticed a four-headed hydra
 12994 | Lair:2   | 12994 ||| INVOKING Reject Sacrifices.
 12997 | Lair:2   | Noticed a boulder beetle
 13008 | Lair:2   | Killed a boulder beetle
 13213 | Lair:2   | Killed a one-headed hydra
 13303 | Lair:2   | 13303 ||| Stepping ~*~*~tactically~*~*~ (stealth).
 13307 | Lair:2   | 13307 ||| Stepping ~*~*~tactically~*~*~ (stealth).
 13321 | Lair:2   | 13321 ||| Stepping ~*~*~tactically~*~*~ (stealth).
 13322 | Lair:2   | 13322 ||| Stepping ~*~*~tactically~*~*~ (stealth).
 13431 | Lair:2   | 13431 ||| DROPPING +6 ring of intelligence.
 13506 | Lair:3   | Noticed an eight-headed hydra
 13512 | Lair:3   | Killed a seven-headed hydra
 13513 | Lair:3   | Reached skill level 12 in Fighting
 13558 | Lair:3   | Noticed a death yak
 13558 | Lair:3   | Noticed a death yak
 13558 | Lair:3   | Noticed a death yak
 13558 | Lair:3   | Noticed a death yak
 13569 | Lair:3   | Killed a death yak
 13571 | Lair:3   | Killed a death yak
 13574 | Lair:3   | Killed a death yak
 13574 | Lair:3   | Killed a death yak
 13803 | Lair:3   | 13803 ||| Stepping ~*~*~tactically~*~*~ (stealth).
 13808 | Lair:3   | Reached XP level 12. HP: 112/112 MP: 11/11
 13932 | Lair:3   | Noticed Rupert
 13945 | Lair:3   | Killed Rupert
 13946 | Lair:3   | Reached skill level 13 in Fighting
 14156 | Lair:3   | Noticed Kirke
 14156 | Lair:3   | 14156 ||| Stepping ~*~*~tactically~*~*~ (stealth).
 14160 | Lair:3   | 14160 ||| Stepping ~*~*~tactically~*~*~ (stealth).
 14173 | Lair:3   | Killed Kirke
 14392 | Lair:3   | Found a staircase to the Swamp.
 14634 | Lair:3   | 14634 ||| READING scroll labelled UGODI BAUR.
 14667 | Lair:4   | 14667 ||| Stepping ~*~*~tactically~*~*~ (stealth).
 14668 | Lair:4   | 14668 ||| Stepping ~*~*~tactically~*~*~ (stealth).
 14678 | Lair:4   | 14678 ||| Stepping ~*~*~tactically~*~*~ (stealth).
 14679 | Lair:4   | 14679 ||| Stepping ~*~*~tactically~*~*~ (stealth).
 14681 | Lair:4   | Reached skill level 12 in Armour
 14743 | Lair:4   | 14743 ||| Stepping ~*~*~tactically~*~*~ (stealth).
 14768 | Lair:4   | 14768 ||| READING scroll of acquirement.
 14768 | Lair:4   | 14768 ||| ACQUIRING amulet of Surhuupeda {Reflect Str+2
                  | SH+5}
 14768 | Lair:4   | Acquired the amulet of Surhuupeda {Reflect Str+2 SH+5}
 14770 | Lair:4   | 14770 ||| UPGRADING to amulet of Surhuupeda {Reflect Str+2
                  | SH+5}.
 14829 | Lair:4   | Reached skill level 9 in Shields
 14832 | Lair:4   | 14832 ||| Stepping ~*~*~tactically~*~*~ (stealth).
 14953 | Lair:4   | 14953 ||| Stepping ~*~*~tactically~*~*~ (stealth).
 14954 | Lair:4   | 14954 ||| Stepping ~*~*~tactically~*~*~ (stealth).
 14956 | Lair:4   | 14956 ||| Stepping ~*~*~tactically~*~*~ (stealth).
 14957 | Lair:4   | 14957 ||| Stepping ~*~*~tactically~*~*~ (stealth).
 14976 | Lair:4   | Reached skill level 14 in Fighting
 14980 | Lair:4   | 14980 ||| FLEEEEING.
 14981 | Lair:4   | 14981 ||| FLEEEEING.
 14982 | Lair:4   | 14982 ||| FLEEEEING.
 15111 | Lair:4   | 15111 ||| Stepping ~*~*~tactically~*~*~ (hiding).
 15137 | Lair:4   | 15137 ||| Stepping ~*~*~tactically~*~*~ (stealth).
 15149 | Lair:4   | 15149 ||| Stepping ~*~*~tactically~*~*~ (stealth).
 15400 | Lair:4   | 15400 ||| READING scroll of acquirement.
 15400 | Lair:4   | 15400 ||| ACQUIRING 608 gold pieces
 15400 | Lair:4   | Acquired 608 gold pieces
 15410 | Lair:4   | 15410 ||| Stepping ~*~*~tactically~*~*~ (stealth).
 15411 | Lair:4   | 15411 ||| Stepping ~*~*~tactically~*~*~ (stealth).
 15424 | Lair:4   | Reached skill level 15 in Fighting
 15425 | Lair:4   | 15425 ||| Stepping ~*~*~tactically~*~*~ (stealth).
 15760 | Lair:4   | 15760 ||| DROPPING +0 cloak.
 15761 | Lair:4   | 15761 ||| DROPPING +6 ring of strength.
 15787 | Lair:5   | Entered Level 5 of the Lair of Beasts
 15815 | Lair:5   | 15815 ||| Stepping ~*~*~tactically~*~*~ (stealth).
 15821 | Lair:5   | 15821 ||| Stepping ~*~*~tactically~*~*~ (stealth).
 15833 | Lair:5   | 15833 ||| Stepping ~*~*~tactically~*~*~ (stealth).
 15845 | Lair:5   | 15845 ||| Stepping ~*~*~tactically~*~*~ (stealth).
 15845 | Lair:5   | Found a staircase to the Slime Pits.
 15850 | Lair:5   | 15850 ||| FLEEEEING.
 15851 | Lair:5   | 15851 ||| FLEEEEING.
 15852 | Lair:5   | 15852 ||| FLEEEEING.
 15853 | Lair:5   | 15853 ||| FLEEEEING.
 15854 | Lair:5   | 15854 ||| FLEEEEING.
 15855 | Lair:5   | 15855 ||| FLEEEEING.
 15856 | Lair:5   | 15856 ||| FLEEEEING.
 15858 | Lair:5   | 15858 ||| FLEEEEING.
 15859 | Lair:5   | 15859 ||| FLEEEEING.
 15860 | Lair:5   | 15860 ||| STAIRDANCE
 15985 | Lair:5   | Reached XP level 13. HP: 127/127 MP: 12/12
 16051 | Lair:5   | 16051 ||| Stepping ~*~*~tactically~*~*~ (stealth).
 16052 | Lair:5   | 16052 ||| Stepping ~*~*~tactically~*~*~ (stealth).
 16083 | Lair:5   | 16083 ||| Stepping ~*~*~tactically~*~*~ (stealth).
 16167 | Lair:5   | 16167 ||| FLEEEEING.
 16168 | Lair:5   | 16168 ||| FLEEEEING.
 16171 | Lair:5   | 16171 ||| STAIRDANCE
 16370 | Lair:5   | Reached skill level 16 in Fighting
 16374 | Lair:5   | 16374 ||| Stepping ~*~*~tactically~*~*~ (stealth).
 16393 | Lair:5   | 16393 ||| Stepping ~*~*~tactically~*~*~ (stealth).
 16423 | Lair:5   | 16423 ||| READING scroll of brand weapon.
 16423 | Lair:5   | 16423 ||| BRANDING +6 broad axe of flaming.
 16448 | Lair:5   | Found a runed translucent door.
 16483 | Lair:5   | 16483 ||| FLEEEEING.
 16484 | Lair:5   | 16484 ||| FLEEEEING.
 16485 | Lair:5   | 16485 ||| FLEEEEING.
 16486 | Lair:5   | 16486 ||| FLEEEEING.
 16487 | Lair:5   | 16487 ||| FLEEEEING.
 16488 | Lair:5   | 16488 ||| FLEEEEING.
 16489 | Lair:5   | 16489 ||| FLEEEEING.
 16490 | Lair:5   | 16490 ||| FLEEEEING.
 16491 | Lair:5   | 16491 ||| FLEEEEING.
 16492 | Lair:5   | 16492 ||| FLEEEEING.
 16493 | Lair:5   | 16493 ||| FLEEEEING.
 16496 | Lair:5   | 16496 ||| FLEEEEING.
 16497 | Lair:5   | 16497 ||| FLEEEEING.
 16498 | Lair:5   | 16498 ||| FLEEEEING.
 16499 | Lair:5   | 16499 ||| FLEEEEING.
 16500 | Lair:5   | 16500 ||| FLEEEEING.
 16527 | Lair:5   | 16527 ||| Stepping ~*~*~tactically~*~*~ (stealth).
 16529 | Lair:5   | 16529 ||| Stepping ~*~*~tactically~*~*~ (hiding).
 16530 | Lair:5   | Paralysed by a hornet for 3 turns
 16568 | Lair:5   | 16568 ||| Stepping ~*~*~tactically~*~*~ (hiding).
 16569 | Lair:5   | 16569 ||| Stepping ~*~*~tactically~*~*~ (hiding).
 16624 | Lair:5   | Paralysed by a hornet for 1 turns
 16832 | Lair:5   | 16832 ||| Stepping ~*~*~tactically~*~*~ (stealth).
 16904 | Lair:5   | 16904 ||| Stepping ~*~*~tactically~*~*~ (stealth).
 16962 | Lair:5   | 16962 ||| Stepping ~*~*~tactically~*~*~ (water).
 16979 | Lair:5   | Reached skill level 17 in Fighting
 16981 | Lair:5   | 16981 ||| Stepping ~*~*~tactically~*~*~ (stealth).
 16982 | Lair:5   | 16982 ||| Stepping ~*~*~tactically~*~*~ (stealth).
 16983 | Lair:5   | 16983 ||| Stepping ~*~*~tactically~*~*~ (hiding).
 16984 | Lair:5   | 16984 ||| Stepping ~*~*~tactically~*~*~ (hiding).
 17034 | Lair:5   | 17034 ||| Stepping ~*~*~tactically~*~*~ (stealth).
 17082 | Lair:5   | 17082 ||| Stepping ~*~*~tactically~*~*~ (water).
 17120 | Lair:5   | 17120 ||| Stepping ~*~*~tactically~*~*~ (hiding).
 17205 | Lair:5   | 17205 ||| DROPPING +0 club.
 17513 | Lair:5   | 17513 ||| PLANNING D:1-11
 17847 | D:11     | Reached skill level 15 in Armour
 17885 | D:11     | 17885 ||| INVOKING Sacrifice Arcana.
 17885 | D:11     | Gained mutation: You cannot study or cast Earth magic. [Ru
                  | sacrifice]
 17885 | D:11     | Gained mutation: You cannot study or cast Transmutations
                  | magic. [Ru sacrifice]
 17885 | D:11     | Gained mutation: You cannot study or cast Conjurations
                  | magic. [Ru sacrifice]
 17885 | D:11     | Reached **** piety under Ru
 18017 | D:11     | Found a blossoming altar of Fedhas.
 18055 | D:11     | 18055 ||| FLEEEEING.
 18056 | D:11     | 18056 ||| FLEEEEING.
 18057 | D:11     | 18057 ||| FLEEEEING.
 18058 | D:11     | 18058 ||| FLEEEEING.
 18061 | D:11     | 18061 ||| FLEEEEING.
 18062 | D:11     | 18062 ||| FLEEEEING.
 18063 | D:11     | 18063 ||| FLEEEEING.
 18064 | D:11     | 18064 ||| FLEEEEING.
 18163 | D:11     | Found Zaupp's Weapon Emporium.
 18164 | D:11     | Found a staircase to the Orcish Mines.
 18164 | D:11     | Found Siluo's Armour Emporium.
 18169 | D:11     | 18169 ||| BUYING +4 broad axe of flaming (496 gold).
 18169 | D:11     | Bought a +4 broad axe of flaming for 496 gold pieces
 18169 | D:11     | 18169 ||| DROPPING +0 flail.
 18361 | D:11     | 18361 ||| PLANNING D
 18389 | D:12     | Noticed Psyche
 18394 | D:12     | Noticed Lodul
 18397 | D:12     | Killed Psyche
 18402 | D:12     | 18402 ||| SWAPPING to +4 broad axe of flaming.
 18406 | D:12     | 18406 ||| SWAPPING to +6 vampiric broad axe.
 18413 | D:12     | Killed Lodul
 18559 | D:12     | 18559 ||| Stepping ~*~*~tactically~*~*~ (hiding).
 18624 | D:12     | You fall into a shaft and drop 3 floors!
 18624 | D:15     | Entered Level 15 of the Dungeon
 18633 | D:14     | 18633 ||| PLANNING GAUNTLET
 18883 | D:14     | Found a gate leading to a gauntlet.
 18892 | Gauntlet | Entered a Gauntlet
 18892 | Gauntlet | Found a transporter.
 18901 | Gauntlet | Found a transporter.
 18904 | Gauntlet | Found a transporter.
 18905 | Gauntlet | Found a transporter.
 18916 | Gauntlet | Found a transporter.
 18917 | Gauntlet | Found a transporter.
 18921 | Gauntlet | Found a transporter.
 18929 | Gauntlet | Found a transporter.
 18930 | Gauntlet | Found a transporter.
 18938 | Gauntlet | Found a transporter.
 18941 | Gauntlet | Found a transporter.
 18942 | Gauntlet | Found a transporter.
 18951 | Gauntlet | Found a transporter.
 18988 | Gauntlet | Found a transporter.
 19037 | Gauntlet | 19037 ||| Stepping randomly (stuck).
 19055 | Gauntlet | Identified the amulet of Ytsabori {Reflect *Slow +Blink
                  | rElec SH+5}
 19057 | Gauntlet | 19057 ||| DROPPING amulet of Ytsabori {Reflect *Slow +Blink
                  | rElec SH+5}.
 19068 | Gauntlet | Reached skill level 18 in Fighting
 19083 | Gauntlet | 19083 ||| Stepping randomly (stuck).
 19096 | Gauntlet | Reached XP level 14. HP: 117/143 MP: 13/13
 19178 | Gauntlet | 19178 ||| UPGRADING to +2 hat.
 19260 | Gauntlet | Identified the ring "Gupneob" {Wiz Stlth+}
 19262 | Gauntlet | 19262 ||| DROPPING ring "Gupneob" {Wiz Stlth+}.
 19278 | Gauntlet | Identified the +2 helmet of Gozag's Envy {rElec rF- rC+}
 19396 | Gauntlet | 19396 ||| UPGRADING to +2 plate armour of poison
                  | resistance.
 19406 | Gauntlet | 19406 ||| REMOVING ring of poison resistance.
 19407 | Gauntlet | 19407 ||| DROPPING +1 plate armour.
 19408 | Gauntlet | 19408 ||| UPGRADING to ring of protection from fire.
 19409 | Gauntlet | 19409 ||| UPGRADING to +4 ring of protection.
 19424 | D:14     | 19424 ||| PLANNING D
 19546 | D:13     | Reached skill level 3 in Throwing
 19565 | D:13     | 19565 ||| Stepping ~*~*~tactically~*~*~ (hiding).
 19720 | D:12     | 19720 ||| INVOKING Sacrifice an Eye.
 19720 | D:12     | Gained mutation: You are missing an eye, making it more
                  | difficult to aim. [Ru sacrifice]
 19720 | D:12     | Reached ***** piety under Ru
 19798 | D:12     | 19798 ||| INVOKING Apocalypse.
 19800 | D:12     | 19800 ||| FLEEEEING.
 19801 | D:12     | 19801 ||| FLEEEEING.
 19802 | D:12     | 19802 ||| FLEEEEING.
 19805 | D:12     | 19805 ||| FLEEEEING.
 19806 | D:12     | 19806 ||| FLEEEEING.
 19855 | D:12     | Noticed a sphinx
 19867 | D:12     | Killed a sphinx
 19943 | D:12     | Reached skill level 6 in Throwing
 19955 | D:12     | 19955 ||| Stepping ~*~*~tactically~*~*~ (stealth).
 20040 | D:12     | 20040 ||| Stepping ~*~*~tactically~*~*~ (stealth).
 20042 | D:12     | 20042 ||| Stepping ~*~*~tactically~*~*~ (hiding).
 20165 | D:12     | 20165 ||| DROPPING +2 hat.
 20205 | D:13     | 20205 ||| Stepping ~*~*~tactically~*~*~ (stealth).
 20211 | D:13     | 20211 ||| Stepping ~*~*~tactically~*~*~ (stealth).
 20212 | D:13     | 20212 ||| Stepping ~*~*~tactically~*~*~ (stealth).
 20214 | D:13     | 20214 ||| INVOKING Apocalypse.
 20228 | D:13     | 20228 ||| FLEEEEING.
 20229 | D:13     | 20229 ||| FLEEEEING.
 20233 | D:13     | 20233 ||| FLEEEEING.
 20234 | D:13     | 20234 ||| FLEEEEING.
 20235 | D:13     | 20235 ||| FLEEEEING.
 20236 | D:13     | 20236 ||| FLEEEEING.
 20237 | D:13     | 20237 ||| FLEEEEING.
 20238 | D:13     | 20238 ||| STAIRDANCE
 20355 | D:13     | 20355 ||| Stepping ~*~*~tactically~*~*~ (stealth).
 20386 | D:13     | 20386 ||| Stepping ~*~*~tactically~*~*~ (stealth).
 20906 | D:13     | 20906 ||| DROPPING scarf of harm.
 21169 | D:14     | Found a gate to the Vaults.
 21188 | D:14     | 21188 ||| Stepping ~*~*~tactically~*~*~ (stealth).
 21235 | D:14     | 21235 ||| Stepping ~*~*~tactically~*~*~ (stealth).
 21406 | D:14     | Noticed Nessos
 21407 | D:14     | 21407 ||| INVOKING Apocalypse.
 21407 | D:14     | Killed Nessos
 21510 | D:14     | 21510 ||| Stepping ~*~*~tactically~*~*~ (stealth).
 21512 | D:14     | 21512 ||| Stepping ~*~*~tactically~*~*~ (hiding).
 21515 | D:14     | 21515 ||| Stepping ~*~*~tactically~*~*~ (hiding).
 21516 | D:14     | 21516 ||| Stepping ~*~*~tactically~*~*~ (hiding).
 22010 | D:14     | 22010 ||| UPGRADING to +0 tower shield.
 22020 | D:14     | 22020 ||| DROPPING +0 buckler.
 22021 | D:14     | 22021 ||| READING scroll labelled XEVIETWOWAC.
 22264 | D:15     | 22264 ||| Stepping ~*~*~tactically~*~*~ (stealth).
 22265 | D:15     | 22265 ||| Stepping ~*~*~tactically~*~*~ (stealth).
 22283 | D:15     | 22283 ||| Stepping ~*~*~tactically~*~*~ (hiding).
 22287 | D:15     | 22287 ||| INVOKING Apocalypse.
 22354 | D:15     | Found a staircase to the Depths.
 22474 | D:15     | 22474 ||| INVOKING Sacrifice Stealth.
 22474 | D:15     | Gained mutation: You cannot be stealthy. [Ru sacrifice]
 22500 | D:15     | 22500 ||| Stepping ~*~*~tactically~*~*~ (stealth).
 22504 | D:15     | Reached skill level 12 in Shields
 22724 | D:15     | 22724 ||| INVOKING Apocalypse.
 22875 | D:15     | 22875 ||| Stepping ~*~*~tactically~*~*~ (stealth).
 22876 | D:15     | 22876 ||| Stepping ~*~*~tactically~*~*~ (stealth).
 22880 | D:15     | 22880 ||| Stepping ~*~*~tactically~*~*~ (stealth).
 22960 | D:15     | 22960 ||| Stepping ~*~*~tactically~*~*~ (stealth).
 23007 | D:15     | 23007 ||| Stepping ~*~*~tactically~*~*~ (hiding).
 23221 | D:15     | Found a burning altar of Makhleb.
 23222 | D:15     | Noticed an Executioner
 23411 | D:15     | 23411 ||| Stepping ~*~*~tactically~*~*~ (hiding).
 23412 | D:15     | 23412 ||| Stepping ~*~*~tactically~*~*~ (hiding).
 23413 | D:15     | 23413 ||| Stepping ~*~*~tactically~*~*~ (hiding).
 23475 | D:15     | 23475 ||| PLANNING ORC
 23584 | Orc:1    | Entered Level 1 of the Orcish Mines
 23585 | Orc:1    | 23585 ||| Stepping ~*~*~tactically~*~*~ (hiding).
 23586 | Orc:1    | 23586 ||| Stepping ~*~*~tactically~*~*~ (hiding).
 23590 | Orc:1    | 23590 ||| Stepping ~*~*~tactically~*~*~ (hiding).
 23717 | Orc:1    | 23717 ||| Stepping ~*~*~tactically~*~*~ (hiding).
 23718 | Orc:1    | 23718 ||| Stepping ~*~*~tactically~*~*~ (stealth).
 23729 | Orc:1    | 23729 ||| Stepping ~*~*~tactically~*~*~ (hiding).
 23735 | Orc:1    | Reached XP level 15. HP: 139/139 MP: 14/14
 23951 | Orc:2    | Entered Level 2 of the Orcish Mines
 24009 | Orc:2    | 24009 ||| INVOKING Apocalypse.
 24011 | Orc:2    | 24011 ||| FLEEEEING.
 24012 | Orc:2    | 24012 ||| FLEEEEING.
 24014 | Orc:2    | 24014 ||| STAIRDANCE
 24218 | Orc:2    | 24218 ||| STAIRDANCE
 24227 | Orc:2    | 24227 ||| STAIRDANCE
 24327 | Orc:2    | 24327 ||| FLEEEEING.
 24329 | Orc:2    | 24329 ||| INVOKING Apocalypse.
 24331 | Orc:2    | 24331 ||| STAIRDANCE
 24544 | Orc:1    | 24544 ||| INVOKING Sacrifice Love.
 24544 | Orc:1    | Gained mutation: You are hated by all. [Ru sacrifice]
 24544 | Orc:1    | Reached ****** piety under Ru
 24547 | Orc:2    | 24547 ||| STAIRDANCE
 24832 | Orc:2    | Found Arainal's Book Emporium.
 24937 | Orc:2    | 24937 ||| Stepping ~*~*~tactically~*~*~ (stealth).
 24954 | Orc:2    | 24954 ||| Stepping ~*~*~tactically~*~*~ (stealth).
 24955 | Orc:2    | 24955 ||| Stepping ~*~*~tactically~*~*~ (stealth).
 25007 | Orc:2    | 25007 ||| Stepping ~*~*~tactically~*~*~ (hiding).
 25008 | Orc:2    | 25008 ||| Stepping ~*~*~tactically~*~*~ (hiding).
 25022 | Orc:2    | 25022 ||| Stepping ~*~*~tactically~*~*~ (stealth).
 25037 | Orc:2    | Found Ripurinu's Armour Shop.
 25037 | Orc:2    | Found Cotsam's Magic Scroll Shoppe.
 25047 | Orc:2    | 25047 ||| BUYING +1 pair of gloves "Qiwul" {Str+3} (387
                  | gold).
 25047 | Orc:2    | Bought the +1 pair of gloves "Qiwul" {Str+3} for 387 gold
                  | pieces
 25047 | Orc:2    | 25047 ||| BUYING +3 hat of Pondering {ponderous, Will+
                  | MP+10 Int+5} (647 gold).
 25047 | Orc:2    | Bought the +3 hat of Pondering {ponderous, Will+ MP+10
                  | Int+5} for 647 gold pieces
 25047 | Orc:2    | Found the +3 hat of Pondering {ponderous, Will+ MP+10
                  | Int+5}
 25056 | Orc:2    | 25056 ||| BUYING 3 scrolls of enchant armour (315 gold).
 25056 | Orc:2    | Bought 3 scrolls of enchant armour for 315 gold pieces
 25056 | Orc:2    | 25056 ||| BUYING scroll of brand weapon (133 gold).
 25056 | Orc:2    | Bought a scroll of brand weapon for 133 gold pieces
 25056 | Orc:2    | 25056 ||| BUYING scroll of identify (28 gold).
 25056 | Orc:2    | Bought a scroll of identify for 28 gold pieces
 25056 | Orc:2    | 25056 ||| BUYING scroll of teleportation (42 gold).
 25056 | Orc:2    | Bought a scroll of teleportation for 42 gold pieces
 25056 | Orc:2    | 25056 ||| READING 3 scrolls of enchant armour.
 25056 | Orc:2    | 25056 ||| ENCHANTING +0 pair of gloves.
 25057 | Orc:2    | 25057 ||| READING 2 scrolls of enchant armour.
 25057 | Orc:2    | 25057 ||| ENCHANTING +1 pair of gloves.
 25058 | Orc:2    | 25058 ||| READING scroll of enchant armour.
 25058 | Orc:2    | 25058 ||| ENCHANTING +2 plate armour of poison resistance.
 25094 | Orc:2    | 25094 ||| Stepping ~*~*~tactically~*~*~ (hiding).
 25096 | Orc:2    | 25096 ||| Stepping ~*~*~tactically~*~*~ (hiding).
 25098 | Orc:2    | 25098 ||| Stepping ~*~*~tactically~*~*~ (hiding).
 25133 | Orc:2    | Found Posetzac's Weapon Shop.
 25133 | Orc:2    | Found Athelepn's Assorted Antiques.
 25140 | Orc:2    | 25140 ||| SHOPLISTING crystal plate armour (2160 gold, have
                  | 1134).
 25140 | Orc:2    | 25140 ||| BUYING glowing ruby amulet (135 gold).
 25140 | Orc:2    | Bought a glowing ruby amulet for 135 gold pieces
 25140 | Orc:2    | 25140 ||| BUYING potion of heal wounds (135 gold).
 25140 | Orc:2    | Bought a potion of heal wounds for 135 gold pieces
 25140 | Orc:2    | 25140 ||| BUYING potion of heal wounds (135 gold).
 25140 | Orc:2    | Bought a potion of heal wounds for 135 gold pieces
 25176 | Orc:2    | Reached skill level 15 in Shields
 25232 | Orc:2    | Found a runed translucent door.
 25232 | Orc:2    | Found a shimmering altar of Xom.
 25233 | Orc:2    | Noticed qw's ghost (journeyman GrBe)
 25287 | Orc:2    | Found a radiant altar of Vehumet.
 25369 | Orc:2    | Found a staircase to the Elven Halls.
 25490 | Orc:2    | 25490 ||| UPGRADING to +1 pair of gloves "Qiwul" {Str+3}.
 25500 | Orc:2    | 25500 ||| DROPPING +2 pair of gloves.
 25501 | Orc:2    | 25501 ||| DROPPING amulet of faith.
 25639 | Orc:1    | 25639 ||| Stepping ~*~*~tactically~*~*~ (hiding).
 25863 | Orc:1    | 25863 ||| PLANNING SNAKE:1-3
 26054 | Snake:1  | Entered Level 1 of the Snake Pit
 26900 | Snake:1  | 26900 ||| READING 11 scrolls of identify.
 26900 | Snake:1  | 26900 ||| IDENTIFYING fizzy cyan potion
 26901 | Snake:1  | 26901 ||| DROPPING potion of magic.
 26942 | Snake:2  | 26942 ||| PLANNING BAZAAR
 26949 | Snake:2  | 26949 ||| Stepping ~*~*~tactically~*~*~ (stealth).
 26975 | Snake:2  | 26975 ||| Stepping ~*~*~tactically~*~*~ (stealth).
 27029 | Snake:2  | 27029 ||| Stepping ~*~*~tactically~*~*~ (hiding).
 27061 | Snake:2  | 27061 ||| Stepping ~*~*~tactically~*~*~ (hiding).
 27181 | Snake:2  | 27181 ||| Stepping ~*~*~tactically~*~*~ (stealth).
 27182 | Snake:2  | 27182 ||| Stepping ~*~*~tactically~*~*~ (stealth).
 27183 | Snake:2  | 27183 ||| Stepping ~*~*~tactically~*~*~ (stealth).
 27185 | Snake:2  | 27185 ||| Stepping ~*~*~tactically~*~*~ (stealth).
 27186 | Snake:2  | 27186 ||| Stepping ~*~*~tactically~*~*~ (stealth).
 27239 | Snake:2  | 27239 ||| Stepping ~*~*~tactically~*~*~ (hiding).
 27243 | Snake:2  | 27243 ||| Stepping ~*~*~tactically~*~*~ (stealth).
 27244 | Snake:2  | 27244 ||| Stepping ~*~*~tactically~*~*~ (hiding).
 27248 | Snake:2  | 27248 ||| Stepping ~*~*~tactically~*~*~ (stealth).
 27249 | Snake:2  | 27249 ||| Stepping ~*~*~tactically~*~*~ (hiding).
 27267 | Snake:2  | 27267 ||| Stepping ~*~*~tactically~*~*~ (hiding).
 27269 | Snake:2  | 27269 ||| Stepping ~*~*~tactically~*~*~ (hiding).
 27270 | Snake:2  | 27270 ||| Stepping ~*~*~tactically~*~*~ (hiding).
 27277 | Snake:2  | 27277 ||| Stepping ~*~*~tactically~*~*~ (hiding).
 27280 | Snake:2  | 27280 ||| Stepping ~*~*~tactically~*~*~ (hiding).
 27316 | Snake:2  | 27316 ||| Stepping ~*~*~tactically~*~*~ (stealth).
 27318 | Snake:2  | 27318 ||| Stepping ~*~*~tactically~*~*~ (hiding).
 27319 | Snake:2  | 27319 ||| Stepping ~*~*~tactically~*~*~ (hiding).
 27323 | Snake:2  | 27323 ||| Stepping ~*~*~tactically~*~*~ (hiding).
 27373 | Snake:2  | 27373 ||| Stepping ~*~*~tactically~*~*~ (hiding).
 27420 | Snake:2  | 27420 ||| Stepping ~*~*~tactically~*~*~ (stealth).
 27421 | Snake:2  | 27421 ||| Stepping ~*~*~tactically~*~*~ (stealth).
 27431 | Snake:2  | Found a flickering gateway to a bazaar.
 27441 | Bazaar   | Entered a bazaar
 27443 | Bazaar   | Found Wiruman's Armour Boutique.
 27447 | Bazaar   | 27447 ||| BUYING +0 pair of boots of flying (115 gold).
 27447 | Bazaar   | Bought a +0 pair of boots of flying for 115 gold pieces
 27447 | Bazaar   | Found Yda Exeg's General Store.
 27447 | Bazaar   | Found Hiejes's Jewellery Boutique.
 27448 | Bazaar   | Found Leciorr's Distillery.
 27453 | Bazaar   | 27453 ||| BUYING potion of cancellation (112 gold).
 27453 | Bazaar   | Bought a potion of cancellation for 112 gold pieces
 27453 | Bazaar   | 27453 ||| BUYING potion of heal wounds (70 gold).
 27453 | Bazaar   | Bought a potion of heal wounds for 70 gold pieces
 27453 | Bazaar   | 27453 ||| BUYING potion of might (56 gold).
 27453 | Bazaar   | Bought a potion of might for 56 gold pieces
 27453 | Bazaar   | 27453 ||| BUYING potion of mutation (112 gold).
 27453 | Bazaar   | Bought a potion of mutation for 112 gold pieces
 27453 | Bazaar   | 27453 ||| BUYING potion of resistance (140 gold).
 27453 | Bazaar   | Bought a potion of resistance for 140 gold pieces
 27458 | Bazaar   | 27458 ||| BUYING scroll of enchant armour (82 gold).
 27458 | Bazaar   | Bought a scroll of enchant armour for 82 gold pieces
 27458 | Bazaar   | 27458 ||| READING scroll of enchant armour.
 27458 | Bazaar   | 27458 ||| ENCHANTING +3 plate armour of poison resistance.
 27472 | Bazaar   | 27472 ||| UPGRADING to +0 pair of boots of flying.
 27486 | Snake:2  | 27486 ||| PLANNING SNAKE:1-3
 27557 | Snake:2  | 27557 ||| Stepping ~*~*~tactically~*~*~ (stealth).
 27560 | Snake:2  | 27560 ||| Stepping ~*~*~tactically~*~*~ (stealth).
 27567 | Snake:2  | 27567 ||| Stepping ~*~*~tactically~*~*~ (hiding).
 27589 | Snake:2  | 27589 ||| Stepping ~*~*~tactically~*~*~ (hiding).
 27636 | Snake:2  | 27636 ||| Stepping ~*~*~tactically~*~*~ (stealth).
 27737 | Snake:2  | 27737 ||| Stepping ~*~*~tactically~*~*~ (hiding).
 27739 | Snake:2  | 27739 ||| INVOKING Apocalypse.
 27930 | Snake:3  | 27930 ||| Stepping ~*~*~tactically~*~*~ (stealth).
 27935 | Snake:3  | 27935 ||| Stepping ~*~*~tactically~*~*~ (stealth).
 27937 | Snake:3  | 27937 ||| Stepping ~*~*~tactically~*~*~ (hiding).
 27951 | Snake:3  | 27951 ||| Stepping ~*~*~tactically~*~*~ (hiding).
 27961 | Snake:3  | 27961 ||| Stepping ~*~*~tactically~*~*~ (hiding).
 28072 | Snake:3  | 28072 ||| Stepping ~*~*~tactically~*~*~ (hiding).
 28080 | Snake:3  | Reached skill level 18 in Shields
 28262 | Snake:3  | 28262 ||| Stepping ~*~*~tactically~*~*~ (hiding).
 28360 | Snake:3  | 28360 ||| INVOKING Apocalypse.
 28381 | Snake:3  | 28381 ||| FLEEEEING.
 28382 | Snake:3  | 28382 ||| FLEEEEING.
 28383 | Snake:3  | 28383 ||| FLEEEEING.
 28384 | Snake:3  | 28384 ||| FLEEEEING.
 28398 | Snake:3  | 28398 ||| FLEEEEING.
 28412 | Snake:3  | 28412 ||| FLEEEEING.
 28416 | Snake:3  | 28416 ||| STAIRDANCE
 28685 | Snake:3  | 28685 ||| Stepping ~*~*~tactically~*~*~ (hiding).
 28703 | Snake:3  | 28703 ||| Stepping ~*~*~tactically~*~*~ (hiding).
 28814 | Snake:3  | 28814 ||| Stepping ~*~*~tactically~*~*~ (hiding).
 28940 | Snake:3  | 28940 ||| Stepping ~*~*~tactically~*~*~ (stealth).
 29126 | Snake:3  | 29126 ||| Stepping ~*~*~tactically~*~*~ (stealth).
 29165 | Snake:3  | Reached XP level 16. HP: 150/150 MP: 15/15
 29424 | Snake:3  | Found Pugim's Book Boutique.
 29428 | Snake:3  | Found Meluhose's Jewellery Emporium.
 29429 | Snake:3  | Found Yfock's Book Boutique.
 29437 | Snake:3  | 29437 ||| SHOPLISTING ring "Fiteesu" {*Slow rPois rC+
                  | rCorr} (578 gold, have 527).
 29642 | Snake:3  | 29642 ||| PLANNING SWAMP:1-3
 29767 | Swamp:1  | Entered Level 1 of the Swamp
 29858 | Swamp:1  | Found a runed translucent gate.
 29858 | Swamp:1  | Found a runed translucent gate.
 29858 | Swamp:1  | Found a runed translucent gate.
 29871 | Swamp:1  | Noticed qw's ghost (adept TrCA)
 29911 | Swamp:1  | 29911 ||| INVOKING Apocalypse.
 30068 | Swamp:1  | Reached skill level 9 in Throwing
 30154 | Swamp:1  | 30154 ||| Stepping ~*~*~tactically~*~*~ (hiding).
 30156 | Swamp:1  | 30156 ||| Stepping ~*~*~tactically~*~*~ (hiding).
 30329 | Swamp:2  | 30329 ||| INVOKING Apocalypse.
 30331 | Swamp:2  | 30331 ||| Stepping randomly (cloudy).
 30332 | Swamp:2  | 30332 ||| Stepping ~*~*~tactically~*~*~ (cloud).
 30334 | Swamp:2  | 30334 ||| FLEEEEING.
 30335 | Swamp:2  | 30335 ||| FLEEEEING.
 30382 | Swamp:2  | 30382 ||| FLEEEEING.
 30415 | Swamp:2  | Found a transporter.
 30415 | Swamp:2  | Found a transporter.
 30591 | Swamp:2  | 30591 ||| READING 8 scrolls of teleportation.
 30616 | Swamp:2  | 30616 ||| READING 7 scrolls of teleportation.
 30683 | Swamp:2  | 30683 ||| Stepping ~*~*~tactically~*~*~ (stealth).
 30684 | Swamp:2  | 30684 ||| Stepping ~*~*~tactically~*~*~ (stealth).
 30947 | Swamp:3  | 30947 ||| INVOKING Apocalypse.
 31030 | Swamp:3  | 31030 ||| FLEEEEING.
 31031 | Swamp:3  | 31031 ||| FLEEEEING.
 31032 | Swamp:3  | 31032 ||| FLEEEEING.
 31033 | Swamp:3  | 31033 ||| STAIRDANCE
 31106 | Swamp:3  | 31106 ||| SWAPPING to +4 broad axe of flaming.
 31109 | Swamp:3  | 31109 ||| SWAPPING to +6 vampiric broad axe.
 31147 | Swamp:3  | Identified the +1 buckler of Fedhas's Benevolence {Regen+
                  | Int+7 Dex-2}
 31321 | Swamp:3  | Noticed Bai Suzhen
 31322 | Swamp:3  | 31322 ||| INVOKING Apocalypse.
 31323 | Swamp:3  | 31323 ||| FLEEEEING.
 31324 | Swamp:3  | 31324 ||| FLEEEEING.
 31325 | Swamp:3  | 31325 ||| FLEEEEING.
 31326 | Swamp:3  | 31326 ||| FLEEEEING.
 31327 | Swamp:3  | 31327 ||| FLEEEEING.
 31335 | Swamp:3  | 31335 ||| STAIRDANCE
 31379 | Swamp:2  | 31379 ||| DROPPING ring of magical power.
 31386 | Swamp:3  | 31386 ||| SWAPPING to +4 broad axe of flaming.
 31390 | Swamp:3  | 31390 ||| SWAPPING to +6 vampiric broad axe.
 31395 | Swamp:3  | 31395 ||| SWAPPING to +4 broad axe of flaming.
 31400 | Swamp:3  | 31400 ||| SWAPPING to +6 vampiric broad axe.
 31401 | Swamp:3  | 31401 ||| SWAPPING to +4 broad axe of flaming.
 31410 | Swamp:3  | 31410 ||| SWAPPING to +6 vampiric broad axe.
 31412 | Swamp:3  | Killed Bai Suzhen
 31413 | Swamp:3  | 31413 ||| Stepping ~*~*~tactically~*~*~ (cloud).
 31414 | Swamp:3  | 31414 ||| STAIRDANCE
 31705 | Swamp:3  | 31705 ||| Stepping ~*~*~tactically~*~*~ (stealth).
 31706 | Swamp:3  | 31706 ||| Stepping ~*~*~tactically~*~*~ (stealth).
 31759 | Swamp:3  | Reached skill level 19 in Fighting
 31773 | Swamp:3  | 31773 ||| PLANNING SNAKE:4
 31918 | Snake:4  | Entered Level 4 of the Snake Pit
 31919 | Snake:4  | 31919 ||| STAIRDANCE
 32001 | Snake:4  | 32001 ||| Stepping ~*~*~tactically~*~*~ (hiding).
 32072 | Snake:4  | 32072 ||| Stepping ~*~*~tactically~*~*~ (hiding).
 32292 | Snake:4  | Found a frozen archway.
 32382 | Snake:4  | 32382 ||| Stepping ~*~*~tactically~*~*~ (stealth).
 32407 | Snake:4  | 32407 ||| Stepping ~*~*~tactically~*~*~ (stealth).
 32408 | Snake:4  | 32408 ||| Stepping ~*~*~tactically~*~*~ (stealth).
 32488 | Snake:4  | 32488 ||| READING scroll of enchant weapon.
 32488 | Snake:4  | 32488 ||| ENCHANTING +6 vampiric broad axe.
 32501 | Snake:4  | 32501 ||| Stepping ~*~*~tactically~*~*~ (stealth).
 32503 | Snake:4  | 32503 ||| Stepping ~*~*~tactically~*~*~ (hiding).
 32718 | Snake:4  | 32718 ||| INVOKING Apocalypse.
 32719 | Snake:4  | 32719 ||| FLEEEEING.
 32816 | Snake:4  | Noticed Vashnia
 32839 | Snake:4  | 32839 ||| INVOKING Apocalypse.
 32841 | Snake:4  | Killed Vashnia
 33183 | Snake:4  | Reached XP level 17. HP: 144/154 MP: 16/16
 33191 | Snake:4  | 33191 ||| Stepping ~*~*~tactically~*~*~ (stealth).
 33260 | Snake:4  | 33260 ||| FLEEEEING.
 33261 | Snake:4  | 33261 ||| FLEEEEING.
 33262 | Snake:4  | 33262 ||| FLEEEEING.
 33263 | Snake:4  | 33263 ||| FLEEEEING.
 33264 | Snake:4  | 33264 ||| FLEEEEING.
 33271 | Snake:4  | 33271 ||| FLEEEEING.
 33272 | Snake:4  | 33272 ||| FLEEEEING.
 33278 | Snake:4  | 33278 ||| FLEEEEING.
 33279 | Snake:4  | 33279 ||| FLEEEEING.
 33280 | Snake:4  | 33280 ||| FLEEEEING.
 33281 | Snake:4  | 33281 ||| FLEEEEING.
 33282 | Snake:4  | 33282 ||| FLEEEEING.
 33283 | Snake:4  | 33283 ||| FLEEEEING.
 33315 | Snake:4  | 33315 ||| Stepping ~*~*~tactically~*~*~ (hiding).
 33372 | Snake:4  | Got a serpentine rune of Zot
 33456 | Snake:4  | 33456 ||| PLANNING VAULTS:1-4
 33456 | Snake:4  | 33456 ||| DROPPING scarf of harm.
 33457 | Snake:4  | 33457 ||| READING 16 scrolls of identify.
 33457 | Snake:4  | 33457 ||| IDENTIFYING bubbling pink potion
 33458 | Snake:4  | 33458 ||| DROPPING potion of invisibility.
 33767 | Vaults:1 | Entered Level 1 of the Vaults
 33814 | Vaults:1 | Reached skill level 20 in Fighting
 33840 | Vaults:1 | 33840 ||| Stepping ~*~*~tactically~*~*~ (hiding).
 33842 | Vaults:1 | 33842 ||| Stepping ~*~*~tactically~*~*~ (hiding).
 33845 | Vaults:1 | 33845 ||| INVOKING Apocalypse.
 33935 | Vaults:1 | 33935 ||| Stepping ~*~*~tactically~*~*~ (stealth).
 33937 | Vaults:1 | 33937 ||| Stepping ~*~*~tactically~*~*~ (stealth).
 33940 | Vaults:1 | 33940 ||| Stepping ~*~*~tactically~*~*~ (stealth).
 34122 | Vaults:1 | 34122 ||| Stepping ~*~*~tactically~*~*~ (hiding).
 34124 | Vaults:1 | Identified the +12 long sword of Dissatisfaction {freeze,
                  | rC++ MP+9 SInv}
 34142 | Vaults:1 | Reached skill level 18 in Armour
 34145 | Vaults:1 | 34145 ||| INVOKING Apocalypse.
 34147 | Vaults:1 | Reached skill level 21 in Shields
 34176 | Vaults:1 | 34176 ||| Stepping ~*~*~tactically~*~*~ (hiding).
 34587 | Vaults:1 | 34587 ||| Stepping ~*~*~tactically~*~*~ (hiding).
 34629 | Vaults:1 | 34629 ||| Stepping ~*~*~tactically~*~*~ (hiding).
 35054 | Vaults:2 | Found Olavvo's Jewellery Boutique.
 35059 | Vaults:2 | Noticed Nikola
 35060 | Vaults:2 | 35060 ||| INVOKING Apocalypse.
 35061 | Vaults:2 | 35061 ||| FLEEEEING.
 35062 | Vaults:2 | 35062 ||| FLEEEEING.
 35063 | Vaults:2 | 35063 ||| FLEEEEING.
 35064 | Vaults:2 | 35064 ||| FLEEEEING.
 35065 | Vaults:2 | 35065 ||| FLEEEEING.
 35066 | Vaults:2 | 35066 ||| FLEEEEING.
 35067 | Vaults:2 | 35067 ||| FLEEEEING.
 35073 | Vaults:2 | 35073 ||| FLEEEEING.
 35074 | Vaults:2 | 35074 ||| FLEEEEING.
 35075 | Vaults:2 | 35075 ||| FLEEEEING.
 35076 | Vaults:2 | 35076 ||| FLEEEEING.
 35082 | Vaults:2 | 35082 ||| FLEEEEING.
 35083 | Vaults:2 | 35083 ||| FLEEEEING.
 35084 | Vaults:2 | 35084 ||| FLEEEEING.
 35085 | Vaults:2 | 35085 ||| FLEEEEING.
 35086 | Vaults:2 | 35086 ||| FLEEEEING.
 35087 | Vaults:2 | 35087 ||| FLEEEEING.
 35088 | Vaults:2 | 35088 ||| FLEEEEING.
 35089 | Vaults:2 | 35089 ||| FLEEEEING.
 35090 | Vaults:2 | 35090 ||| FLEEEEING.
 35091 | Vaults:2 | 35091 ||| FLEEEEING.
 35092 | Vaults:2 | 35092 ||| FLEEEEING.
 35093 | Vaults:2 | 35093 ||| FLEEEEING.
 35094 | Vaults:2 | 35094 ||| FLEEEEING.
 35095 | Vaults:2 | 35095 ||| FLEEEEING.
 35096 | Vaults:2 | 35096 ||| FLEEEEING.
 35097 | Vaults:2 | 35097 ||| FLEEEEING.
 35098 | Vaults:2 | 35098 ||| FLEEEEING.
 35099 | Vaults:2 | 35099 ||| FLEEEEING.
 35100 | Vaults:2 | 35100 ||| FLEEEEING.
 35101 | Vaults:2 | 35101 ||| FLEEEEING.
 35102 | Vaults:2 | 35102 ||| FLEEEEING.
 35103 | Vaults:2 | 35103 ||| FLEEEEING.
 35104 | Vaults:2 | 35104 ||| FLEEEEING.
 35105 | Vaults:2 | 35105 ||| FLEEEEING.
 35106 | Vaults:2 | 35106 ||| FLEEEEING.
 35107 | Vaults:2 | 35107 ||| FLEEEEING.
 35108 | Vaults:2 | 35108 ||| FLEEEEING.
 35119 | Vaults:2 | Killed Nikola
 35120 | Vaults:2 | Reached skill level 21 in Fighting
 35222 | Vaults:2 | 35222 ||| Stepping ~*~*~tactically~*~*~ (stealth).
 35225 | Vaults:2 | 35225 ||| Stepping ~*~*~tactically~*~*~ (stealth).
 35226 | Vaults:2 | 35226 ||| Stepping ~*~*~tactically~*~*~ (stealth).
 35229 | Vaults:2 | 35229 ||| Stepping ~*~*~tactically~*~*~ (stealth).
 35230 | Vaults:2 | 35230 ||| Stepping ~*~*~tactically~*~*~ (stealth).
 35442 | Vaults:2 | 35442 ||| READING 7 scrolls of teleportation.
 35444 | Vaults:2 | 35444 ||| FLEEEEING.
 35496 | Vaults:2 | 35496 ||| Stepping ~*~*~tactically~*~*~ (hiding).
 35497 | Vaults:2 | 35497 ||| Stepping ~*~*~tactically~*~*~ (hiding).
 35638 | Vaults:2 | 35638 ||| Stepping ~*~*~tactically~*~*~ (hiding).
 35647 | Vaults:2 | Paralysed by a sphinx for 2 turns
 35693 | Vaults:2 | Noticed Jory
 35694 | Vaults:2 | 35694 ||| INVOKING Apocalypse.
 35713 | Vaults:2 | Killed Jory
 36073 | Vaults:2 | 36073 ||| Stepping ~*~*~tactically~*~*~ (stealth).
 36075 | Vaults:2 | 36075 ||| Stepping ~*~*~tactically~*~*~ (stealth).
 36084 | Vaults:2 | 36084 ||| READING 6 scrolls of teleportation.
 36233 | Vaults:2 | Found a large runed translucent door.
 36233 | Vaults:2 | Found a large runed translucent door.
 36234 | Vaults:2 | Noticed qw's ghost (adept GrBe)
 36555 | Vaults:2 | 36555 ||| Stepping ~*~*~tactically~*~*~ (stealth).
 36558 | Vaults:2 | 36558 ||| Stepping ~*~*~tactically~*~*~ (stealth).
 36572 | Vaults:2 | Reached skill level 12 in Throwing
 36848 | Vaults:3 | Reached XP level 18. HP: 135/172 MP: 17/17
 36862 | Vaults:3 | 36862 ||| FLEEEEING.
 36863 | Vaults:3 | 36863 ||| FLEEEEING.
 36864 | Vaults:3 | 36864 ||| FLEEEEING.
 36865 | Vaults:3 | 36865 ||| FLEEEEING.
 36866 | Vaults:3 | 36866 ||| FLEEEEING.
 36869 | Vaults:3 | 36869 ||| FLEEEEING.
 36870 | Vaults:3 | 36870 ||| STAIRDANCE
 36972 | Vaults:2 | 36972 ||| DROPPING +4 broad axe of flaming.
 37005 | Vaults:3 | 37005 ||| STAIRDANCE
 37055 | Vaults:3 | 37055 ||| READING 5 scrolls of teleportation.
 37074 | Vaults:3 | 37074 ||| DRINKING 2 potions of resistance.
 37101 | Vaults:3 | 37101 ||| INVOKING Apocalypse.
 37102 | Vaults:3 | 37102 ||| Stepping ~*~*~tactically~*~*~ (hiding).
 37138 | Vaults:3 | 37138 ||| DRINKING potion of resistance.
 37405 | Vaults:3 | 37405 ||| Stepping ~*~*~tactically~*~*~ (hiding).
 37439 | Vaults:3 | Reached skill level 22 in Fighting
 37575 | Vaults:3 | 37575 ||| Stepping ~*~*~tactically~*~*~ (stealth).
 37610 | Vaults:3 | Noticed Asterion
 37611 | Vaults:3 | 37611 ||| INVOKING Apocalypse.
 37616 | Vaults:3 | Killed Asterion
 37760 | Vaults:3 | Found a staircase to the Crypt.
 37885 | Vaults:3 | 37885 ||| INVOKING Apocalypse.
 37896 | Vaults:3 | 37896 ||| FLEEEEING.
 37897 | Vaults:3 | 37897 ||| FLEEEEING.
 37898 | Vaults:3 | 37898 ||| FLEEEEING.
 37904 | Vaults:3 | 37904 ||| FLEEEEING.
 37905 | Vaults:3 | 37905 ||| FLEEEEING.
 37906 | Vaults:3 | 37906 ||| FLEEEEING.
 37907 | Vaults:3 | 37907 ||| FLEEEEING.
 37908 | Vaults:3 | 37908 ||| FLEEEEING.
 37909 | Vaults:3 | 37909 ||| FLEEEEING.
 37910 | Vaults:3 | 37910 ||| FLEEEEING.
 37916 | Vaults:3 | 37916 ||| FLEEEEING.
 38036 | Vaults:3 | 38036 ||| Stepping ~*~*~tactically~*~*~ (stealth).
 38062 | Vaults:3 | 38062 ||| INVOKING Apocalypse.
 38063 | Vaults:3 | 38063 ||| FLEEEEING.
 38064 | Vaults:3 | 38064 ||| FLEEEEING.
 38066 | Vaults:3 | 38066 ||| FLEEEEING.
 38068 | Vaults:3 | 38068 ||| FLEEEEING.
 38070 | Vaults:3 | Identified the amulet of Recklessness {rC+ Regen+}
 38098 | Vaults:3 | 38098 ||| FLEEEEING.
 38099 | Vaults:3 | 38099 ||| FLEEEEING.
 38100 | Vaults:3 | 38100 ||| FLEEEEING.
 38109 | Vaults:3 | 38109 ||| FLEEEEING.
 38152 | Vaults:3 | 38152 ||| FLEEEEING.
 38321 | Vaults:3 | Identified the +4 mace "Qyntugrir" {vorpal, Str+5 Dex+5}
 38470 | Vaults:3 | 38470 ||| DROPPING +0 fire dragon scales.
 38471 | Vaults:3 | 38471 ||| DROPPING +3 plate armour of poison resistance.
 38575 | Vaults:4 | 38575 ||| Stepping ~*~*~tactically~*~*~ (hiding).
 38604 | Vaults:4 | 38604 ||| Stepping ~*~*~tactically~*~*~ (stealth).
 38606 | Vaults:4 | 38606 ||| Stepping ~*~*~tactically~*~*~ (stealth).
 38608 | Vaults:4 | 38608 ||| Stepping ~*~*~tactically~*~*~ (stealth).
 38613 | Vaults:4 | 38613 ||| Stepping ~*~*~tactically~*~*~ (hiding).
 38620 | Vaults:4 | 38620 ||| Stepping ~*~*~tactically~*~*~ (hiding).
 38629 | Vaults:4 | 38629 ||| Stepping ~*~*~tactically~*~*~ (hiding).
 38743 | Vaults:4 | 38743 ||| Stepping ~*~*~tactically~*~*~ (hiding).
 39099 | Vaults:4 | Found Xapteg's Distillery.
 39106 | Vaults:4 | 39106 ||| BUYING potion of heal wounds (70 gold).
 39106 | Vaults:4 | Bought a potion of heal wounds for 70 gold pieces
 39106 | Vaults:4 | 39106 ||| BUYING potion of might (56 gold).
 39106 | Vaults:4 | Bought a potion of might for 56 gold pieces
 39149 | Vaults:4 | 39149 ||| FLEEEEING.
 39150 | Vaults:4 | 39150 ||| FLEEEEING.
 39151 | Vaults:4 | 39151 ||| FLEEEEING.
 39152 | Vaults:4 | 39152 ||| FLEEEEING.
 39153 | Vaults:4 | 39153 ||| FLEEEEING.
 39154 | Vaults:4 | 39154 ||| FLEEEEING.
 39155 | Vaults:4 | 39155 ||| FLEEEEING.
 39156 | Vaults:4 | 39156 ||| FLEEEEING.
 39157 | Vaults:4 | 39157 ||| FLEEEEING.
 39158 | Vaults:4 | 39158 ||| FLEEEEING.
 39159 | Vaults:4 | 39159 ||| FLEEEEING.
 39160 | Vaults:4 | 39160 ||| FLEEEEING.
 39161 | Vaults:4 | 39161 ||| FLEEEEING.
 39162 | Vaults:4 | 39162 ||| FLEEEEING.
 39163 | Vaults:4 | 39163 ||| FLEEEEING.
 39164 | Vaults:4 | 39164 ||| FLEEEEING.
 39165 | Vaults:4 | 39165 ||| FLEEEEING.
 39166 | Vaults:4 | 39166 ||| FLEEEEING.
 39167 | Vaults:4 | 39167 ||| FLEEEEING.
 39168 | Vaults:4 | 39168 ||| FLEEEEING.
 39169 | Vaults:4 | 39169 ||| FLEEEEING.
 39170 | Vaults:4 | 39170 ||| FLEEEEING.
 39171 | Vaults:4 | 39171 ||| FLEEEEING.
 39172 | Vaults:4 | 39172 ||| FLEEEEING.
 39173 | Vaults:4 | 39173 ||| FLEEEEING.
 39180 | Vaults:4 | 39180 ||| FLEEEEING.
 39181 | Vaults:4 | 39181 ||| FLEEEEING.
 39182 | Vaults:4 | 39182 ||| FLEEEEING.
 39183 | Vaults:4 | 39183 ||| FLEEEEING.
 39184 | Vaults:4 | 39184 ||| FLEEEEING.
 39185 | Vaults:4 | 39185 ||| FLEEEEING.
 39186 | Vaults:4 | 39186 ||| FLEEEEING.
 39187 | Vaults:4 | 39187 ||| FLEEEEING.
 39188 | Vaults:4 | 39188 ||| FLEEEEING.
 39189 | Vaults:4 | 39189 ||| FLEEEEING.
 39190 | Vaults:4 | 39190 ||| FLEEEEING.
 39191 | Vaults:4 | 39191 ||| FLEEEEING.
 39192 | Vaults:4 | 39192 ||| FLEEEEING.
 39193 | Vaults:4 | 39193 ||| FLEEEEING.
 39194 | Vaults:4 | 39194 ||| FLEEEEING.
 39195 | Vaults:4 | 39195 ||| FLEEEEING.
 39196 | Vaults:4 | 39196 ||| FLEEEEING.
 39197 | Vaults:4 | 39197 ||| FLEEEEING.
 39198 | Vaults:4 | 39198 ||| FLEEEEING.
 39199 | Vaults:4 | 39199 ||| FLEEEEING.
 39200 | Vaults:4 | 39200 ||| FLEEEEING.
 39201 | Vaults:4 | 39201 ||| FLEEEEING.
 39202 | Vaults:4 | 39202 ||| FLEEEEING.
 39203 | Vaults:4 | 39203 ||| FLEEEEING.
 39204 | Vaults:4 | 39204 ||| FLEEEEING.
 39205 | Vaults:4 | 39205 ||| FLEEEEING.
 39208 | Vaults:4 | 39208 ||| FLEEEEING.
 39212 | Vaults:4 | 39212 ||| FLEEEEING.
 39213 | Vaults:4 | 39213 ||| FLEEEEING.
 39214 | Vaults:4 | 39214 ||| FLEEEEING.
 39215 | Vaults:4 | 39215 ||| FLEEEEING.
 39216 | Vaults:4 | 39216 ||| FLEEEEING.
 39217 | Vaults:4 | 39217 ||| FLEEEEING.
 39218 | Vaults:4 | 39218 ||| FLEEEEING.
 39219 | Vaults:4 | 39219 ||| FLEEEEING.
 39220 | Vaults:4 | 39220 ||| FLEEEEING.
 39221 | Vaults:4 | 39221 ||| FLEEEEING.
 39222 | Vaults:4 | 39222 ||| FLEEEEING.
 39223 | Vaults:4 | 39223 ||| FLEEEEING.
 39224 | Vaults:4 | 39224 ||| FLEEEEING.
 39226 | Vaults:4 | 39226 ||| STAIRDANCE
 39331 | Vaults:4 | 39331 ||| FLEEEEING.
 39332 | Vaults:4 | 39332 ||| STAIRDANCE
 39471 | Vaults:4 | 39471 ||| Stepping ~*~*~tactically~*~*~ (hiding).
 39473 | Vaults:4 | 39473 ||| Stepping ~*~*~tactically~*~*~ (hiding).
 39474 | Vaults:4 | 39474 ||| Stepping ~*~*~tactically~*~*~ (hiding).
 39495 | Vaults:4 | 39495 ||| Stepping ~*~*~tactically~*~*~ (stealth).
 39497 | Vaults:4 | 39497 ||| Stepping ~*~*~tactically~*~*~ (stealth).
 39509 | Vaults:4 | 39509 ||| FLEEEEING.
 39510 | Vaults:4 | 39510 ||| FLEEEEING.
 39511 | Vaults:4 | 39511 ||| FLEEEEING.
 39512 | Vaults:4 | 39512 ||| FLEEEEING.
 39513 | Vaults:4 | 39513 ||| FLEEEEING.
 39514 | Vaults:4 | 39514 ||| FLEEEEING.
 39515 | Vaults:4 | 39515 ||| FLEEEEING.
 39520 | Vaults:4 | 39520 ||| FLEEEEING.
 39521 | Vaults:4 | 39521 ||| FLEEEEING.
 39522 | Vaults:4 | 39522 ||| FLEEEEING.
 39523 | Vaults:4 | 39523 ||| FLEEEEING.
 39524 | Vaults:4 | 39524 ||| FLEEEEING.
 39525 | Vaults:4 | 39525 ||| FLEEEEING.
 39526 | Vaults:4 | 39526 ||| FLEEEEING.
 39527 | Vaults:4 | 39527 ||| FLEEEEING.
 39528 | Vaults:4 | 39528 ||| FLEEEEING.
 39529 | Vaults:4 | 39529 ||| FLEEEEING.
 39530 | Vaults:4 | 39530 ||| FLEEEEING.
 39531 | Vaults:4 | 39531 ||| FLEEEEING.
 39532 | Vaults:4 | 39532 ||| FLEEEEING.
 39533 | Vaults:4 | 39533 ||| FLEEEEING.
 39534 | Vaults:4 | 39534 ||| FLEEEEING.
 39535 | Vaults:4 | 39535 ||| FLEEEEING.
 39536 | Vaults:4 | 39536 ||| FLEEEEING.
 39537 | Vaults:4 | 39537 ||| FLEEEEING.
 39539 | Vaults:4 | 39539 ||| STAIRDANCE
 39643 | Vaults:4 | 39643 ||| STAIRDANCE
 39747 | Vaults:4 | 39747 ||| STAIRDANCE
 39854 | Vaults:4 | 39854 ||| STAIRDANCE
 40271 | Vaults:4 | 40271 ||| Stepping ~*~*~tactically~*~*~ (stealth).
 40275 | Vaults:4 | 40275 ||| Stepping ~*~*~tactically~*~*~ (hiding).
 40276 | Vaults:4 | 40276 ||| Stepping ~*~*~tactically~*~*~ (hiding).
 40279 | Vaults:4 | Reached XP level 19. HP: 193/193 MP: 18/18
 40304 | Vaults:4 | 40304 ||| INVOKING Apocalypse.
 40306 | Vaults:4 | 40306 ||| Stepping ~*~*~tactically~*~*~ (hiding).
 40314 | Vaults:4 | Reached skill level 23 in Fighting
 40684 | Vaults:4 | Found a portal to a secret trove of treasure.
 40785 | Vaults:4 | 40785 ||| PLANNING SWAMP:4
 40785 | Vaults:4 | 40785 ||| DROPPING +4 ring of slaying {mikee}.
 41138 | Swamp:4  | Entered Level 4 of the Swamp
 41139 | Swamp:4  | 41139 ||| Stepping ~*~*~tactically~*~*~ (hiding).
 41343 | Swamp:4  | HP: 39/185 [alligator[a spriggan druid] (11)]
 41344 | Swamp:4  | 41344 ||| READING 8 scrolls of teleportation.
 41345 | Swamp:4  | 41345 ||| DRINKING 13 potions of heal wounds.
 41346 | Swamp:4  | 41346 ||| INVOKING Apocalypse.
 41347 | Swamp:4  | 41347 ||| FLEEEEING.
 41366 | Swamp:4  | 41366 ||| FLEEEEING.
 41367 | Swamp:4  | 41367 ||| FLEEEEING.
 41368 | Swamp:4  | 41368 ||| FLEEEEING.
 41369 | Swamp:4  | 41369 ||| FLEEEEING.
 41370 | Swamp:4  | 41370 ||| FLEEEEING.
 41371 | Swamp:4  | 41371 ||| FLEEEEING.
 41373 | Swamp:4  | 41373 ||| FLEEEEING.
 41375 | Swamp:4  | 41375 ||| FLEEEEING.
 41376 | Swamp:4  | 41376 ||| FLEEEEING.
 41381 | Swamp:4  | 41381 ||| FLEEEEING.
 41382 | Swamp:4  | 41382 ||| FLEEEEING.
 41383 | Swamp:4  | 41383 ||| FLEEEEING.
 41384 | Swamp:4  | 41384 ||| FLEEEEING.
 41385 | Swamp:4  | 41385 ||| FLEEEEING.
 41386 | Swamp:4  | 41386 ||| FLEEEEING.
 41387 | Swamp:4  | 41387 ||| FLEEEEING.
 41388 | Swamp:4  | 41388 ||| FLEEEEING.
 41389 | Swamp:4  | 41389 ||| FLEEEEING.
 41525 | Swamp:4  | 41525 ||| Stepping ~*~*~tactically~*~*~ (stealth).
 41530 | Swamp:4  | 41530 ||| Stepping ~*~*~tactically~*~*~ (hiding).
 41536 | Swamp:4  | Identified the ring of the Coward {rF- rCorr Str+6 Dex+4}
 41775 | Swamp:4  | Got a decaying rune of Zot
 41799 | Swamp:4  | 41799 ||| Stepping ~*~*~tactically~*~*~ (stealth).
 42133 | Swamp:4  | 42133 ||| PLANNING DEPTHS
 42133 | Swamp:4  | 42133 ||| DROPPING ring of poison resistance.
 42134 | Swamp:4  | 42134 ||| DROPPING ring of poison resistance.
 42135 | Swamp:4  | 42135 ||| DROPPING ring of see invisible.
 42400 | Depths:1 | Entered Level 1 of the Depths
 42409 | Depths:1 | 42409 ||| INVOKING Apocalypse.
 42466 | Depths:1 | 42466 ||| READING scroll of enchant armour.
 42466 | Depths:1 | 42466 ||| ENCHANTING +0 pair of boots of flying.
 42472 | Depths:1 | 42472 ||| READING scroll of enchant weapon.
 42472 | Depths:1 | 42472 ||| ENCHANTING +7 vampiric broad axe.
 42538 | Depths:1 | Found a gateway to Hell.
 42583 | Depths:1 | 42583 ||| DRINKING potion of resistance.
 42598 | Depths:1 | Reached skill level 24 in Fighting
 42621 | Depths:1 | Identified the +2 leather armour of Patterns {+Blink MP+9
                  | Str+4 Slay+2}
 42664 | Depths:1 | 42664 ||| Stepping ~*~*~tactically~*~*~ (hiding).
 42676 | Depths:1 | 42676 ||| Stepping ~*~*~tactically~*~*~ (hiding).
 42824 | Depths:1 | Found a sacrificial altar of Ru.
 42835 | Depths:1 | Found a one-way gateway to a ziggurat.
 42895 | Depths:1 | Found Dorurgh's Distillery.
 42898 | Depths:1 | 42898 ||| BUYING potion of curing (39 gold).
 42898 | Depths:1 | Bought a potion of curing for 39 gold pieces
 42898 | Depths:1 | 42898 ||| BUYING potion of curing (39 gold).
 42898 | Depths:1 | Bought a potion of curing for 39 gold pieces
 42898 | Depths:1 | 42898 ||| BUYING potion of heal wounds (65 gold).
 42898 | Depths:1 | Bought a potion of heal wounds for 65 gold pieces
 42898 | Depths:1 | 42898 ||| BUYING potion of might (52 gold).
 42898 | Depths:1 | Bought a potion of might for 52 gold pieces
 42898 | Depths:1 | 42898 ||| BUYING potion of might (52 gold).
 42898 | Depths:1 | Bought a potion of might for 52 gold pieces
 42898 | Depths:1 | 42898 ||| BUYING potion of mutation (104 gold).
 42898 | Depths:1 | Bought a potion of mutation for 104 gold pieces
 43166 | Depths:2 | 43166 ||| Stepping ~*~*~tactically~*~*~ (hiding).
 43200 | Depths:2 | Paralysed by an air elemental for 1 turns
 43205 | Depths:2 | Paralysed by an air elemental for 1 turns
 43267 | Depths:2 | 43267 ||| Stepping ~*~*~tactically~*~*~ (stealth).
 43299 | Depths:2 | 43299 ||| Stepping ~*~*~tactically~*~*~ (hiding).
 43313 | Depths:2 | 43313 ||| Stepping ~*~*~tactically~*~*~ (stealth).
 43451 | Depths:2 | 43451 ||| Stepping ~*~*~tactically~*~*~ (hiding).
 43453 | Depths:2 | 43453 ||| INVOKING Apocalypse.
 43460 | Depths:2 | Reached skill level 21 in Armour
 43471 | Depths:2 | 43471 ||| FLEEEEING.
 43472 | Depths:2 | 43472 ||| FLEEEEING.
 43505 | Depths:2 | 43505 ||| Stepping ~*~*~tactically~*~*~ (stealth).
 43757 | Depths:2 | Paralysed by an air elemental for 1 turns
 43781 | Depths:2 | 43781 ||| Stepping ~*~*~tactically~*~*~ (stealth).
 43793 | Depths:2 | 43793 ||| Stepping ~*~*~tactically~*~*~ (stealth).
 43794 | Depths:2 | 43794 ||| Stepping ~*~*~tactically~*~*~ (stealth).
 43800 | Depths:2 | 43800 ||| Stepping ~*~*~tactically~*~*~ (stealth).
 43801 | Depths:2 | 43801 ||| Stepping ~*~*~tactically~*~*~ (stealth).
 43858 | Depths:2 | 43858 ||| INVOKING Apocalypse.
 43859 | Depths:2 | 43859 ||| FLEEEEING.
 43860 | Depths:2 | 43860 ||| FLEEEEING.
 43861 | Depths:2 | 43861 ||| FLEEEEING.
 43862 | Depths:2 | 43862 ||| FLEEEEING.
 43863 | Depths:2 | 43863 ||| FLEEEEING.
 43864 | Depths:2 | 43864 ||| FLEEEEING.
 43865 | Depths:2 | 43865 ||| FLEEEEING.
 43866 | Depths:2 | 43866 ||| FLEEEEING.
 43870 | Depths:2 | 43870 ||| FLEEEEING.
 43887 | Depths:2 | 43887 ||| FLEEEEING.
 43888 | Depths:2 | 43888 ||| FLEEEEING.
 43894 | Depths:2 | 43894 ||| FLEEEEING.
 43895 | Depths:2 | 43895 ||| FLEEEEING.
 43896 | Depths:2 | 43896 ||| FLEEEEING.
 43897 | Depths:2 | 43897 ||| FLEEEEING.
 43898 | Depths:2 | 43898 ||| FLEEEEING.
 43899 | Depths:2 | 43899 ||| FLEEEEING.
 43904 | Depths:2 | 43904 ||| FLEEEEING.
 43905 | Depths:2 | 43905 ||| FLEEEEING.
 43952 | Depths:2 | 43952 ||| Stepping ~*~*~tactically~*~*~ (hiding).
 43958 | Depths:2 | 43958 ||| Stepping ~*~*~tactically~*~*~ (stealth).
 43976 | Depths:2 | Paralysed by an air elemental for 1 turns
 43981 | Depths:2 | Noticed a golden dragon
 43981 | Depths:2 | a titan changed into a golden dragon
 43981 | Depths:2 | Paralysed by an air elemental for 1 turns
 43985 | Depths:2 | a golden dragon changed into a shadow dragon
 43993 | Depths:2 | Paralysed by an air elemental for 1 turns
 43998 | Depths:2 | Paralysed by an air elemental for 1 turns
 44004 | Depths:2 | Paralysed by an air elemental for 1 turns
 44006 | Depths:2 | HP: 34/174 [air elemental/stunning burst (16)]
 44007 | Depths:2 | 44007 ||| READING 8 scrolls of teleportation.
 44008 | Depths:2 | 44008 ||| DRINKING 14 potions of heal wounds.
 44014 | Depths:2 | Paralysed by an air elemental for 1 turns
 44015 | Depths:2 | HP: 39/174 [air elemental/stunning burst (5)]
 44015 | Depths:2 | HP: 16/174 [earth elemental (14)]
 44016 | Depths:2 | 44016 ||| READING 7 scrolls of teleportation.
 44016 | Depths:2 | Killed from afar by an air elemental

Levels and vault maps discovered:
D:1:      lemuel_arrival_room, layout_basic,
          hellmonk_ecumenical_altar_watching_god, serial_bayou_lagoon_a
D:2:      layout_loops_ring
D:3:      layout_loops_ring, mainiacjoe_overflow_alcove_1, grunt_ministairs_6,
          minivault_23, uniq_natasha, uniq_ijyb, uniq_jessica, uniq_terence
D:4:      layout_gridville, serial_shops, nicolae_shop_behind_doors,
          uniq_sigmund
D:5:      minmay_thinvault, layout_cave_pools, amcnicky_altar_gilded,
          kennysheep_little_box, serial_shops, shop
D:6:      layout_loops_ring, ashenzari_altar_1,
          mainiacjoe_overflow_six_doors_small, minmay_temple_entry_junction
D:7:      layout_basic
D:8:      layout_basic, nicolae_shop_self_help
D:9:      layout_cave_pools, nicolae_qazlal_scattered_showers,
          grunt_temple_overflow_open, erik_lair_dragon
D:10:     layout_roguey, lemuel_tele_altar, ebering_ghost_disaster_area,
          uniq_josephine
D:11:     layout_long_grid, orc_david_3, fedhas_bush_and_centaur_altar
D:12:     lemuel_troll_bridge, layout_rooms, evilmike_minifort, uniq_lodul,
          uniq_psyche
D:13:     lemuel_ice_spiral_2, layout_basic
D:14:     layout_stronghold, erik_vaults_2, corexii_hall_statues_deadend,
          gauntlet_entry_generic, uniq_nessos
D:15:     grunt_enter_depths_hoard, layout_basic, nrook_uturn,
          makhleb_altar_promises_db
Temple:   chequers_temple_sunken
Lair:1:   dreamdust_cave_troll, layout_hall_layers, special_room
          [special_room_bee], infiniplex_staircase_pool, serial_bayou_shore_b,
          serial_bayou_shore_a
Lair:2:   layout_cave_pods, minmay_snake_entry_guardpost_small
Lair:3:   layout_cave_pods, swamp_mist, uniq_kirke, uniq_rupert
Lair:4:   beast_lair_carwin_large_3, layout_loops_ring,
          infiniplex_staircase_pool_2
Lair:5:   wormcave, layout_regular_city, guppyfry_lair_end_dragon, slime_entry_1
Swamp:1:  layout_basic_swamp, gammafunk_ghost_split, wheals_swamp_sinkhole
Swamp:2:  gammafunk_sealed_arena, layout_basic_swamp, hangedman_swamp_pad,
          swamp_pool2
Swamp:3:  layout_basic_swamp, evilmike_swamp_ruin_house_5, uniq_bai_suzhen
Swamp:4:  swamp, layout_basic_swamp
Snake:1:  layout_layer_cave, abandoned_shop
Snake:2:  layout_basic, serial_shops, bzr_entry_customers,
          hangedman_snake_corridor_split, serial_bayou_shore_b
Snake:3:  layout_chambers, lemuel_fruit_tree, serial_bayou_shore_b,
          minmay_shop_grove
Snake:4:  grunt_snake_rune_serpentine_throne, layout_cave_town,
          portal_ice_cave_entry_horrid_things, grunt_ministairs_13, uniq_vashnia
Orc:1:    layout_caves
Orc:2:    st_orc_town, layout_diamond_mine, serial_shops, nicolae_shop_trees,
          ebering_ghost_xom, nicolae_orc_bridge_out, hangedman_feature_mirror
Vaults:1: vaults_room_boxed, nicolae_vaults_know_your_exits, vaults_room_pool,
          vaults_room_large_hall, grunt_vaults_hallway_long,
          hangedman_vaults_trim, nicolae_vaults_angled_halls,
          nicolae_vaults_shelves_hall, v_misc_30, vaults_dpeg_cross, v_misc_10,
          ontoclasm_vaults_pinch, nicolae_vaults_yaktaur_gun_rack,
          layout_vaults_omnicross
Vaults:2: ebering_ghost_disaster_area, nicolae_vaults_mini_display_case,
          vaults_mumra_hex, nicolae_vaults_shelves_hall, grunt_vaults_swirl,
          ontoclasm_vaults_idyll, v_misc_8, layout_vaults_chaotic_city,
          serial_shops, nicolae_shop_stone, uniq_nikola, uniq_jory
Vaults:3: nicolae_vaults_arrows, hangedman_vaults_nails, st_greater_box_4,
          minmay_crypt_entry_simple_statues, v_misc_8, vaults_dpeg_diagonal,
          hangedman_vaults_corner_blocks, ontoclasm_vaults_gateway,
          nicolae_vaults_little_squares_2, layout_vaults_omnibox, uniq_asterion
Vaults:4: grunt_vaults_twisty, serial_ice_m, nicolae_vaults_network_star,
          nicolae_vaults_border_crossing, layout_vaults_quadrants,
          enter_trove_3, serial_shops, shop_statue
Depths:1: layout_gridlike, enter_ziggurat_b, hangedman_coc_ice_floe,
          serial_shops, kennysheep_mini_moat, hangedman_ru_absence
Depths:2: radiant_caverns_b_rkd, serial_shops, pan_entry, hell_entry

Skill      XL: |  1  2  3  4  5  6  7  8  9 10 11 12 13 14 15 16 17 18 19 |
---------------+----------------------------------------------------------+-----
Axes           | 3 4 5 6 7 9 10 12 15 18 19 | 19.0
Dodging        | 1 2 4 0 |  0.0
Fighting       | 4 5 6 9 10 12 15 18 19 21 22 24 | 24.0
Throwing       | 1 2 8 11 12 13 | 13.9
Armour         | 4 7 9 11 13 15 16 17 18 20 21 | 21.0
Shields        | 4 5 6 8 10 11 13 19 20 21 22 | 22.0

Action                   |  1- 3 |  4- 6 |  7- 9 | 10-12 | 13-15 | 16-18 | 19-21 || total
-------------------------+-------+-------+-------+-------+-------+-------+-------++-------
Melee: War axe           |   108 |   122 |     9 |       |       |       |       ||   239
       Headbutt          |    11 |    15 |    43 |   100 |   224 |   258 |    93 ||   744
       Broad axe         |       |       |   263 |   529 |  1237 |  1224 |   479 ||  3732
       Morningstar       |       |       |       |     9 |       |       |       ||     9
Throw: Boomerang         |       |    11 |    82 |    44 |     6 |    11 |     6 ||   160
       Javelin           |       |       |       |       |   107 |   137 |    39 ||   283
Invok: Sacrifice Experie |       |       |     1 |       |       |       |       ||     1
       Draw Out Power    |       |       |       |     1 |       |       |       ||     1
       Sacrifice Nimblen |       |       |       |     1 |       |       |       ||     1
       Reject Sacrifices |       |       |       |     1 |       |       |       ||     1
       Sacrifice Arcana  |       |       |       |       |     1 |       |       ||     1
       Apocalypse        |       |       |       |       |     9 |    14 |     5 ||    28
       Sacrifice Stealth |       |       |       |       |     1 |       |       ||     1
       Sacrifice an Eye  |       |       |       |       |     1 |       |       ||     1
       Sacrifice Love    |       |       |       |       |     1 |       |       ||     1
  Use: Potion            |     2 |     1 |     3 |     3 |       |     2 |     3 ||    14
       Scroll            |     1 |     9 |     9 |    12 |     7 |     7 |     5 ||    50
 Stab: Invisible         |       |       |       |     2 |     8 |     6 |       ||    16
       Distracted        |       |       |       |     3 |     4 |     5 |     2 ||    14
       Paralysed         |       |       |       |       |    11 |    14 |     7 ||    32
Armor: Scale mail        |    19 |       |       |       |       |       |       ||    19
       Chain mail        |    26 |    49 |    53 |       |       |       |       ||   128
       Plate armour      |       |       |    63 |   154 |   362 |   298 |   292 ||  1169
Dodge: Dodged            |    39 |    41 |    95 |   157 |   319 |   195 |   156 ||  1002
Block: Buckler           |    22 |    25 |    54 |    86 |   244 |       |       ||   431
       Reflection        |       |       |       |       |    50 |    98 |     9 ||   157
       Tower shield      |       |       |       |       |   511 |  1001 |   404 ||  1916

Table legend:
 A = Non-vault XP
 B = Vault XP
 C = Vault XP percentage of total XP
 D = Non-vault monster count
 E = Vault monster count
 F = Vault count percentage of total count
                 A         B        C        D         E       F
            +---------+---------+-------+---------+---------+-------
      Total |  312493 |  252424 |  44.7 |     882 |     505 |  36.4
            +---------+---------+-------+---------+---------+-------
        D:1 |      49 |       0 |   0.0 |      28 |       0 |   0.0
        D:2 |      67 |       0 |   0.0 |      17 |       0 |   0.0
        D:3 |     160 |     155 |  49.2 |      18 |       5 |  21.7
        D:4 |     329 |     226 |  40.7 |      15 |       1 |   6.2
        D:5 |     454 |    1124 |  71.2 |      16 |      19 |  54.3
        D:6 |    2268 |       0 |   0.0 |      41 |       0 |   0.0
        D:7 |     794 |       0 |   0.0 |       9 |       0 |   0.0
        D:8 |    2000 |       0 |   0.0 |      21 |       0 |   0.0
        D:9 |    2921 |    1270 |  30.3 |      22 |       7 |  24.1
       D:10 |    3358 |    1680 |  33.3 |      22 |       5 |  18.5
       D:11 |    4887 |     124 |   2.5 |      23 |       5 |  17.9
       D:12 |    6728 |   10718 |  61.4 |      30 |      26 |  46.4
       D:13 |    5984 |       0 |   0.0 |      16 |       0 |   0.0
       D:14 |    8752 |    7572 |  46.4 |      16 |       9 |  36.0
       D:15 |   13856 |    1773 |  11.3 |      30 |       2 |   6.2
     Lair:1 |    5086 |    2137 |  29.6 |      20 |      19 |  48.7
     Lair:2 |    8307 |     649 |   7.2 |      28 |       4 |  12.5
     Lair:3 |    7582 |    3692 |  32.7 |      21 |       4 |  16.0
     Lair:4 |   11384 |    5164 |  31.2 |      40 |      11 |  21.6
     Lair:5 |   16488 |    9561 |  36.7 |      41 |      31 |  43.1
    Swamp:1 |   14200 |       0 |   0.0 |      24 |       0 |   0.0
    Swamp:2 |   10770 |     755 |   6.6 |      22 |       1 |   4.3
    Swamp:3 |   11677 |    3234 |  21.7 |      20 |       1 |   4.8
    Swamp:4 |   11597 |   15342 |  57.0 |      21 |      26 |  55.3
    Snake:1 |    2950 |       0 |   0.0 |       6 |       0 |   0.0
    Snake:2 |   19632 |    5264 |  21.1 |      37 |      16 |  30.2
    Snake:3 |   19707 |       0 |   0.0 |      46 |       0 |   0.0
    Snake:4 |   17562 |   27160 |  60.7 |      37 |      41 |  52.6
      Orc:1 |    3640 |     134 |   3.6 |      27 |       2 |   6.9
      Orc:2 |    4453 |    8134 |  64.6 |      29 |      62 |  68.1
   Vaults:1 |   26015 |   20259 |  43.8 |      35 |      33 |  48.5
   Vaults:2 |   12787 |   13706 |  51.7 |      20 |      13 |  39.4
   Vaults:3 |   13744 |   54918 |  80.0 |      28 |      68 |  70.8
   Vaults:4 |   21268 |   19758 |  48.2 |      28 |      28 |  50.0
   Depths:1 |   21037 |     965 |   4.4 |      28 |       1 |   3.4
   Depths:2 |       0 |   31647 | 100.0 |       0 |      48 | 100.0
   Gauntlet |       0 |    5303 | 100.0 |       0 |      17 | 100.0
            +---------+---------+-------+---------+---------+-------
